Workbook
Name Controls: Methodology!$C$16:$C$18
Name InherentRisk: Methodology!$D$15:$F$15
Name residualrisk: Methodology!$D$16:$F$18

Sheet Instructions
C1: ENTER BANK NAME HERE
C2: COMPLIANCE RISK ASSESSMENT
C3: As of Date:
C4: 46022
B6: Instructions for Completing the Risk Assessment:
B7: Instructions Tab: - Enter the Bank name and As of Date. This information automatically populates this information on the remaining tabs.
B8: Risk Assessment Tab: - Refer to the "Risk Rating Criteria" tab; for each Inherent Risk factor (Probability and Impact) enter a Low, Medium, High, or NA in each box of the Risk Assessment. (cells will be highlighted purple if left blank) - Enter mitigating factors, description of controls and other commentary in column B to support the individual selections. (cells will be highlighted purple if left blank) - Refer to the "Risk Rating Criteria" tab; for each Control enter a Strong, Adequate, Weak, or NA in each box of the Risk Assessment. (cells will be highlighted purple if left blank) - The Overall Inherent Risk Rating is calculated by averaging each factor. (this will automatically calculate for you) - The Overall Risk Controls Rating is calculated by averaging each factor. (this will automatically calculate for you) - The Residual Risk Rating is calculated by averaging the overall inherent and overall control risk ratings. (this will automatically calculate for you) - The Lending, Deposit and Other Compliance Overall Risk is calculated by separately averaging the overall Inherent Risk and Risk Controls resulting in the Overall Lending, Deposit and Other Compliance Risk. (this will automatically calculate for you) - The Residual Risk for each regulation and overall Lending, Deposit and Other Compliance Risk Rating will automatically be highlighted green (Low), yellow (Moderate) or red (High).
B9: The Risk Summary tab: - The Residual Risk for each regulation, overall Loan, Deposit, Other and OVERALL Compliance Risk will automatically populate from the Risk Assessment Tab. - Manually select the direction of the risk (Increasing, Stable, Decreasing) for each regulation as well as for Loan Compliance, Deposit Compliance, Other and Overall Risk. Risk direction should be based on previous risk assessment results as much as possible. Select from the drop down option. Once the cell is populated, it will automatically color fill red (Increasing), yellow (Stable) or green (Decreasing). This template is defaulted to Increasing for each risk trend and should be updated accordingly. - The Residual Risks, Overall Risk and Risk Direction will automatically be highlighted as described previously.
C11: Notes
C12: Certain cells are password protected to protect formula calculations and conditional formatting. See below.
C13: When adding or removing laws or regulations, revise the formulas to include all rows.
C14: Certain cells are formatted to fill Purple pattern if an entry is required, but the cell is left blank.
C15: There are hidden columns on the Loan Compliance RA and Deposit Compliance RA tabs to facilitate the calculation of risk levels. If additional factors (columns) are added, ensure all calculations are updated accordingly. Hidden columns are identified as those with column headings highlighted in YELLOW. Recommend hiding these columns for presentation.
C16: When adding or removing inherent or control factors, revise the formulas to include all applicable columns.
C19: to protect and unprotect cells, you must protect/unprotect on the menu bar for each tab. Password = saltmarsh

Sheet Methodology
B6: Inherent Risk
D7: Impact
D8: High (3) | E8: Moderate (2) | F8: Low (1)
B9: Probability | C9: High (3) | D9: High (9) | E9: High (6) | F9: Moderate (3)
C10: Moderate (2) | D10: High (6) | E10: Moderate (4) | F10: Low (2)
C11: Low (1) | D11: Moderate (3) | E11: Low (2) | F11: Low (1)
B13: Residual Risk
D14: Inherent Risk
D15: Low | E15: Moderate | F15: High
B16: Risk Controls | C16: Strong | D16: Low | E16: Low | F16: Moderate
C17: Adequate | D17: Low | E17: Moderate | F17: High
C18: Weak | D18: Moderate | E18: High | F18: High
D21: Point Value | E21: Avg Point Value | F21: Risk Rating
C22: Probability/ Impact | D22: 3 | E22: 2.5 to 3 | F22: High
D23: 2 | E23: 1.5 to 2.49 | F23: Moderate
D24: 1 | E24: 1 to 1.49 | F24: Low
C25: Overall Inherent Risk | E25: 5.6 to 9 | F25: High
E26: 2.6 to 5.59 | F26: Moderate
E27: 1 to 2.59 | F27: Low
C28: Risk Controls | D28: 3 | E28: 2.5 to 3 | F28: Strong
D29: 2 | E29: 1.5 to 2.49 | F29: Adequate
D30: 1 | E30: 1 to 1.49 | F30: Weak
B33: Overall Compliance Risk
B34: Average Residual Risk 2.5 to 3 | E34: High
B35: Average Residual Risk 1.5 to 2.49 | E35: Moderate
B36: Average Residual Risk 1 to 1.49 | E36: Low
B39: Trend Rating
B40: Increasing | C40: Overall residual risk point value has increased since the last risk assessment resulting in a higher overall risk category.
B41: Stable | C41: Overall residual risk point value has not resulted in a change in the overall risk category.
B42: Decreasing | C42: Overall residual risk point value has decreased since the last risk assessment resulting in a lower overall risk category.

Sheet Risk Rating Criteria
A1: RISK RATING CRITERIA
A2: INHERENT RISKS
B3: Low - 1 | C3: Moderate - 2 | D3: High - 3
A4: New/Changed | B4: Regulation is well established with no changes or minimal changes that require minor procedural or policy changes. | C4: Regulation is new or has undergone recent changes requiring moderate updates to current procedures. | D4: Regulation is new or has undergone recent changes requiring substantial changes to current procedures..
A5: Volume | B5: The institution has a low volume of transactions/products applicable to the regulation. | C5: The institution has a moderate volume of transactions/products applicable to the regulation. | D5: The institution has a high volume of transactions/products applicable to the regulation.
A6: New Area of Business | B6: The business areas and products to which the regulation applies have been substantially the same for some time. | C6: Some business areas have grown more complex or new products or activities have been developed during the past year. | D6: A key business area(s) is considered complex, a key business area is considerably new to the organization, key business area(s) have grown more complex, or new products or activities have been developed during the past year.
A7: Complexity | B7: Regulation is relatively straightforward, easy to understand, and monitoring activities are not complex. | C7: Regulation is somewhat complicated, requiring some thought or problem solving, and monitoring activities are moderately complex. | D7: Regulation is highly technical or complex, requires specialized knowledge, and monitoring activities are intricate, complex or substantial.
A8: Level of Third Party Reliance | B8: No activities are outsourced or outsourced activities pose no or minimal regulatory risk/implications. | C8: Some activities are outsourced and outsourced activities could have moderate regulatory risk/implications. | D8: Substantive activities are outsources or some activities are outsourced and outsourced activities could have significant regulatory risk/implications.
A9: Prior Exceptions | B9: Past exceptions noted internally, externally or in exams have been nonexistent or minor and non-repetitive. | C9: Past exceptions noted internally, externally or in exams have been minor in nature but repetitive or moderate in nature. | D9: Past exceptions noted internally, externally or in exams have been moderate in nature but repetitive, significant in nature or significant in nature and repetitive.
A10: Litigation/Complaint Volume | B10: There has been no related litigation and no related complaints received in the last 12 months. | C10: There has been no related litigation and minimal related complaints and all related complaints in the last 12 months have been minimal and unsubstantiated. | D10: There has been related litigation in the last 12 mos. OR there have been more than a few related complaints and all have been unsubstantiated OR there has been at least one substantiated related complaint received in the last 12 months.
A11: Level of Penalty/Litigation | B11: The regulation does not contain provisions for additional penalties or litigation. | C11: The regulation contains provisions for additional penalties or litigation. | D11: The regulation contains provisions for significant additional penalties or litigation, and/or such penalties/lawsuits are relatively common.
A12: Exam Scrutiny/Reputation Risk | B12: Examiner scrutiny or attention is average. There would be a minimal impact to the Bank's reputation related to any claims or public notices. | C12: Examiner scrutiny or attention is above average, based on regulator comments, public information, or other organizations' experience. There would be a negative but manageable impact to the Bank's reputation related to any claims or public notices. | D12: Examiner scrutiny or attention is significantly above average, based on regulator comments, public information, or other banks' experience. There would be a significant impact to the Bank's reputation related to any claims or public notices.
A13: RISK CONTROLS
B14: Strong - 3 | C14: Adequate - 2 | D14: Weak - 1
A15: Automation of Controls | B15: Controls are fully automated, independent of human intervention, and integrated into core systems. Automation detects and responds to risks instantly (e.g., logic driven criteria and 'stops' are in place). | C15: Controls are partially automated and may require some human oversight or intervention (e.g., automation is initiated by predefined conditions but may need manual confirmation or human review of validation or outputs). | D15: Controls are manual in nature or only lightly supported by automation, offering limited risk reduction. Delayed detection or response to errors.
A16: Policies/Procedures | B16: Policy is in place if necessary. Procedures fully address compliance risks and reflect actual practices. | C16: Policy is in place if necessary. Procedures address compliance risks but are somewhat out of date or are not considered comprehensive. | D16: A necessary policy is not in place. OR Procedures are nonexistent, incomplete and do not adequately address compliance risk, or are not reflective of actual practices..
A17: Training/Turnover/Subject Matter Experts (SMEs) | B17: Training is effective and has taken place within the last year and for new hires. Training addresses the regulation and the organization's procedures. Very few affected personnel have not taken training. OR Key personnel have remained substantially the same. OR Staff is very familiar and experienced in activities. | C17: Training is adequate with most staff participating, but may be somewhat incomplete (i.e., it does not cover organization procedures) and/or has not taken place within the last year or for new hires. OR There has been moderate shifting of roles and/or some new hires, but most key personnel are still involved. OR Staff has adequate knowledge pertaining to activities. | D17: Training is nonexistent or ineffective, has low participation, and/or has not taken place within the last 18 months. OR There has been significant turnover in positions holding responsibility for key aspects of the regulation. OR Staff knowledge or experience is none/limited in the subject matter/activities.
A18: Board and Mgmt. Oversight | B18: The Board and Management oversight structure features: - Active, informed and consistent Board engagement - CCO has direct access to the Board - Compliance Committees are effective, cross-functional and strategic - Robust, risk based reporting to Board and Mgmt. Risk Committees - Timely, transparent, root-caused oriented issue mgmt. reporting and management - 1st line/ line of business accountability | C18: The Board and Management oversight structure features: - Board engagement is periodic and largely dependent on management summaries - CCO has direct access to the Board - Compliance Committees are functional but may be inconsistent - Basic reporting to Board and Mgmt. Risk Committees - Issue management is managed but may be slow or does not provide for timely follow-up - 1st line/ line of business (LOB) has some accountability | D18: The Board and Management oversight structure features: - Board engagement is minimal or solely reactive - CCO lacks authority - Compliance Committees are ineffective or inconsistent - Inconsistent reporting to Board and Mgmt. Risk Committees - Issue management is not effective or no apparent accountability - 1st line/ line of business (LOB) has no accountability; Compliance seen as a 2nd line responsibility
A19: Audit Program/ Internal Monitoring | B19: The regulation is effectively audited by a combination of internal and external audits, monitoring and testing. The last audit was within the 12 months AND internal monitoring has been performed within the last 12 months. | C19: The regulation is effectively audited by a combination of internal and external audits, monitoring and testing. The last audit was within the 18 months AND internal monitoring has been performed within the last 18 mos. There may be new areas of the regulation which have not been audited. | D19: The regulation has not been audited in more than 18 months and/or no monitoring or testing has been performed in the last 18 months..

Sheet Risk Summary
F2: =Instructions!C1 -> ENTER BANK NAME HERE
F3: COMPLIANCE RISK ASSESSMENT
F4: As of Date:
F5: =Instructions!C4 -> 46022
F7: Area | G7: Rating | H7: Rating Value | I7: Trend
F8: Loan Compliance Overall Risk | G8: ='Risk Assessment'!AM7 -> High | I8: Increasing
F9: Reg B - Equal Credit Opportunity (ECOA) (Technical Compliance) | G9: ='Risk Assessment'!AM8 -> High | H9: =IF(G9="low",1,IF(G9="Moderate",2,IF(G9="NA","",3))) -> 3 | I9: Increasing
F10: Reg B - Equal Credit Opportunity (ECOA) (Discrimination/Fairness) | G10: ='Risk Assessment'!AM9 -> NA | H10: =IF(G10="low",1,IF(G10="Moderate",2,IF(G10="NA","",3))) | I10: NA
F11: Fair Housing (FHA) | G11: ='Risk Assessment'!AM10 -> NA | H11: =IF(G11="low",1,IF(G11="Moderate",2,IF(G11="NA","",3))) | I11: NA
F12: Reg BB - Community Reinvestment Act (CRA) | G12: ='Risk Assessment'!AM11 -> Moderate | H12: =IF(G12="low",1,IF(G12="Moderate",2,IF(G12="NA","",3))) -> 2 | I12: Increasing
F13: Reg C - Home Mortgage Disclosure Act (HMDA) | G13: ='Risk Assessment'!AM12 -> Moderate | H13: =IF(G13="low",1,IF(G13="Moderate",2,IF(G13="NA","",3))) -> 2 | I13: Increasing
F14: Reg F - Fair Debt Collection Practices Act | G14: ='Risk Assessment'!AM13 -> High | H14: =IF(G14="low",1,IF(G14="Moderate",2,IF(G14="NA","",3))) -> 3 | I14: Increasing
F15: Reg O - Credit to Insiders | G15: ='Risk Assessment'!AM14 -> High | H15: =IF(G15="low",1,IF(G15="Moderate",2,IF(G15="NA","",3))) -> 3 | I15: Increasing
F16: Reg V - Fair Credit Reporting (FCRA)/ Fair & Accurate Credit Transactions Act (FACTA) | G16: ='Risk Assessment'!AM15 -> High | H16: =IF(G16="low",1,IF(G16="Moderate",2,IF(G16="NA","",3))) -> 3 | I16: Increasing
F17: Reg X - Real Estate Settlement Procedures (RESPA) | G17: ='Risk Assessment'!AM16 -> High | H17: =IF(G17="low",1,IF(G17="Moderate",2,IF(G17="NA","",3))) -> 3 | I17: Increasing
F18: Reg Z - Truth in Lending (TIL) | G18: ='Risk Assessment'!AM17 -> High | H18: =IF(G18="low",1,IF(G18="Moderate",2,IF(G18="NA","",3))) -> 3 | I18: Increasing
F19: Flood Disaster Protection Act (FDPA) | G19: ='Risk Assessment'!AM18 -> High | H19: =IF(G19="low",1,IF(G19="Moderate",2,IF(G19="NA","",3))) -> 3 | I19: Increasing
F20: Homeowners Protection Act (HPA) | G20: ='Risk Assessment'!AM19 -> High | H20: =IF(G20="low",1,IF(G20="Moderate",2,IF(G20="NA","",3))) -> 3 | I20: Increasing
... F25: Third Party Risk - Use of Third Parties | G25: ='Risk Assessment'!AM24 -> High | H25: =IF(G25="low",1,IF(G25="Moderate",2,IF(G25="NA","",3))) -> 3 | I25: Increasing
F26: Deposit Compliance Overall Risk | G26: ='Risk Assessment'!AM25 -> Moderate | I26: Increasing
F27: Reg CC - Expedited Funds Availability (EFA) | G27: ='Risk Assessment'!AM26 -> Moderate | H27: =IF(G27="low",1,IF(G27="Moderate",2,IF(G27="NA","",3))) -> 2 | I27: Increasing
F28: Reg DD - Truth in Savings (TIS) | G28: ='Risk Assessment'!AM27 -> Low | H28: =IF(G28="low",1,IF(G28="Moderate",2,IF(G28="NA","",3))) -> 1 | I28: Increasing
F29: FDIC/NCUA Advertisement of Membership | G29: ='Risk Assessment'!AM28 -> Low | H29: =IF(G29="low",1,IF(G29="Moderate",2,IF(G29="NA","",3))) -> 1 | I29: Increasing
F30: Reg E - Electronic Funds Transfer Act (EFTA) | G30: ='Risk Assessment'!AM29 -> Moderate | H30: =IF(G30="low",1,IF(G30="Moderate",2,IF(G30="NA","",3))) -> 2 | I30: Increasing
F31: Reg GG - Unlawful Internet Gambling Enforcement Act (UIGEA) | G31: ='Risk Assessment'!AM30 -> Moderate | H31: =IF(G31="low",1,IF(G31="Moderate",2,IF(G31="NA","",3))) -> 2 | I31: Increasing
F32: Reg D | G32: ='Risk Assessment'!AM31 -> Moderate | H32: =IF(G32="low",1,IF(G32="Moderate",2,IF(G32="NA","",3))) -> 2 | I32: Increasing
F33: CAN-SPAM Act | G33: ='Risk Assessment'!AM32 -> Low | H33: =IF(G33="low",1,IF(G33="Moderate",2,IF(G33="NA","",3))) -> 1 | I33: Increasing
F34: Children’s Online Privacy Protection Act (COPPA) | G34: ='Risk Assessment'!AM33 -> Moderate | H34: =IF(G34="low",1,IF(G34="Moderate",2,IF(G34="NA","",3))) -> 2 | I34: Increasing
F35: Fair Credit Reporting (FCRA)/ Fair & Accurate Credit Transactions Act (FACTA) | G35: ='Risk Assessment'!AM34 -> Moderate | H35: =IF(G35="low",1,IF(G35="Moderate",2,IF(G35="NA","",3))) -> 2 | I35: Increasing
F36: Non-Deposit Investment Products | G36: ='Risk Assessment'!AM35 -> Moderate | H36: =IF(G36="low",1,IF(G36="Moderate",2,IF(G36="NA","",3))) -> 2 | I36: Increasing
F37: Reg P - Gramm-Leach-Bliley Act (GLBA) | G37: ='Risk Assessment'!AM36 -> Moderate | H37: =IF(G37="low",1,IF(G37="Moderate",2,IF(G37="NA","",3))) -> 2 | I37: Increasing
F38: Garnishment of Federal Benefits - Right to Financial Privacy Act (RFPA) | G38: ='Risk Assessment'!AM37 -> Moderate | H38: =IF(G38="low",1,IF(G38="Moderate",2,IF(G38="NA","",3))) -> 2 | I38: Increasing
... F40: Third Party Risk - Use of Third Parties | G40: ='Risk Assessment'!AM39 -> Moderate | H40: =IF(G40="low",1,IF(G40="Moderate",2,IF(G40="NA","",3))) -> 2 | I40: Increasing
F41: Other Compliance Overall Risk | G41: ='Risk Assessment'!AM40 -> Moderate | I41: Increasing
F42: Unfair, Deceptive, or Abusive Acts or Practices (UDAAP) | G42: ='Risk Assessment'!AM41 -> Moderate | H42: =IF(G42="low",1,IF(G42="Moderate",2,IF(G42="NA","",3))) -> 2 | I42: Increasing
F43: Electronic Signatures in Global and National Commerce (E-SIGN Act) | G43: ='Risk Assessment'!AM42 -> Moderate | H43: =IF(G43="low",1,IF(G43="Moderate",2,IF(G43="NA","",3))) -> 2 | I43: Increasing
F44: Overall Compliance Risk | G44: =IF(H44>2.49,"High",IF(H44<1.5,"Low","Moderate")) -> Moderate | H44: =AVERAGE(H42:H43,H27:H40,H9:H25) -> 2.3225806 | I44: Increasing
F46: Additional Notes
F47: This section allows the user to provide additional context/commentary. This is especially helpful if the Overall Compliance Risk matrix (Methodology tab) results in a lower/higher overall risk rating than the institution/user would expect.

Sheet Risk Assessment
B1: =Instructions!C1 -> ENTER BANK NAME HERE
B2: =Instructions!C2 -> COMPLIANCE RISK ASSESSMENT
B3: =Instructions!C4 -> 46022
C4: INHERENT RISKS
C5: Probability Factors | S5: Impact Factors | Y5: RISK CONTROLS | AK5: Inherent Risk Calculation
A6: Risk Factors | B6: Mitigating Factors and Control Description | C6: New/Changed Requirements | D6: New/Changed Requirements Value | E6: Volume | F6: Volume Value | G6: New Area of Business | H6: New Area of Business Value | I6: Complexity | J6: Complexity Value | K6: Level of Third Party Reliance | L6: Level of Third Party Reliance Value | M6: Prior Exceptions | N6: Prior Exceptions Value | O6: Litigation/ Complaint Volume | P6: Litigation/ Complaint Volume Value | Q6: Avg. Probability Value | R6: Avg. Probability | S6: Exam Scrutiny/ Reputation Risk | T6: Exam Scrutiny Value | U6: Litigation/ Penalties | V6: Litigation/ Penalties Value | W6: Avg. Impact Value | X6: Avg. Impact | Y6: Automation of Controls | Z6: Automation of Controls Value | AA6: Policies/ Procedures | AB6: Policies/ Procedures Value | AC6: Training/ Turnover/SMEs | AD6: Training/ Turnover/SMEs Value | AE6: Audit Program/ Monitoring | AF6: Audit Program/ Monitoring Value | AG6: Board & Mgmt. Oversight | AH6: Board & Mgmt. Oversight Value | AI6: Overall Risk Controls Rating Value | AJ6: Overall Risk Controls Rating | AK6: Overall Inherent Risk Rating (Probability/ Impact Matrix) Value | AL6: Overall Inherent Risk Rating (Probability/ Impact Matrix) | AM6: Residual Risk Rating
A7: Loan Compliance Overall Risk | Q7: {=AVERAGE(IF(ISNUMBER(Q8:Q24),Q8:Q24))} -> 1.3825397 | R7: =IF(Q7>2.49,"High",IF(Q7<1.5,"Low","Moderate")) -> Low | W7: =AVERAGE(W8:W24) -> 2.6333333 | X7: =IF(W7>2.49,"High",IF(W7<1.5,"Low","Moderate")) -> High | AI7: =AVERAGE(AI8:AI24) -> 1 | AJ7: =IF(AI7>2.49,"Strong",IF(AI7<1.5,"Weak","Adequate")) -> Weak | AK7: =AVERAGE(AK8:AK24) -> 3.6603175 | AL7: =IF(AK7>5.59,"High",IF(AK7<2.6,"Low","Moderate")) -> Moderate | AM7: =INDEX(residualrisk,MATCH($AJ7,Controls,0),MATCH($AL7,InherentRisk,0)) -> High
A8: Reg B - Equal Credit Opportunity (ECOA (Technical Compliance) | C8: Low | D8: =IF(C8="low",1,IF(C8="Moderate",2,IF(C8="NA","NA",3))) -> 1 | E8: Low | F8: =IF(E8="low",1,IF(E8="Moderate",2,IF(E8="NA","NA",3))) -> 1 | G8: Low | H8: =IF(G8="low",1,IF(G8="Moderate",2,IF(G8="NA","NA",3))) -> 1 | I8: Low | J8: =IF(I8="low",1,IF(I8="Moderate",2,IF(I8="NA","NA",3))) -> 1 | K8: Moderate | L8: =IF(K8="low",1,IF(K8="Moderate",2,IF(K8="NA","NA",3))) -> 2 | M8: Low | N8: =IF(M8="low",1,IF(M8="Moderate",2,IF(M8="NA","NA",3))) -> 1 | O8: NA | P8: =IF(O8="low",1,IF(O8="Moderate",2,IF(O8="NA","NA",3))) -> NA | Q8: =IF(ISERROR(AVERAGE(D8,F8,H8,J8,L8,N8,P8)),"NA",AVERAGE(D8,F8,H8,J8,L8,N8,P8)) -> 1.1666667 | R8: =IF(Q8="NA","NA",IF(Q8>2.49,"High",IF(Q8<1.5,"Low","Moderate"))) -> Low | S8: High | T8: =IF(S8="low",1,IF(S8="Moderate",2,IF(S8="NA","NA",3))) -> 3 | U8: High | V8: =IF(U8="low",1,IF(U8="Moderate",2,IF(U8="NA","NA",3))) -> 3 | W8: =IF(ISERROR(AVERAGE(T8,V8)),"NA",AVERAGE(T8,V8)) -> 3 | X8: =IF(W8="NA","NA",IF(W8>2.49,"High",IF(W8<1.5,"Low","Moderate"))) -> High | Y8: Weak | Z8: =IF(Y8="weak",1,IF(Y8="adequate",2,IF(Y8="NA","NA",3))) -> 1 | AA8: Weak | AB8: =IF(AA8="weak",1,IF(AA8="adequate",2,IF(AA8="NA","NA",3))) -> 1 | AC8: Weak | AD8: =IF(AC8="weak",1,IF(AC8="adequate",2,IF(AC8="NA","NA",3))) -> 1 | AE8: Weak | AF8: =IF(AE8="weak",1,IF(AE8="adequate",2,IF(AE8="NA","NA",3))) -> 1 | AG8: Weak | AH8: =IF(AG8="weak",1,IF(AG8="adequate",2,IF(AG8="NA","NA",3))) -> 1 | AI8: =IF(ISERROR(AVERAGE(Z8,AB8,AD8,AF8,AH8)),"NA",AVERAGE(Z8,AB8,AD8,AF8,AH8)) -> 1 | AJ8: =IF(AI8="NA","NA",IF(AI8>2.49,"Strong",IF(AI8<1.5,"Weak","Adequate"))) -> Weak | AK8: =IFERROR(Q8*W8,"NA") -> 3.5 | AL8: =IF(AK8="NA","NA",IF(AK8>5.59,"High",IF(AK8<2.6,"Low","Moderate"))) -> Moderate | AM8: =IFERROR(INDEX(residualrisk,MATCH($AJ8,Controls,0),MATCH($AL8,InherentRisk,0)),"NA") -> High
A9: Reg B - Equal Credit Opportunity (Discrimination/Fairness) | B9: If a separate Fair Lending Risk assessment is completed, respond as NA for all Risks and Controls | C9: NA | D9: =IF(C9="low",1,IF(C9="Moderate",2,IF(C9="NA","NA",3))) -> NA | E9: NA | F9: =IF(E9="low",1,IF(E9="Moderate",2,IF(E9="NA","NA",3))) -> NA | G9: NA | H9: =IF(G9="low",1,IF(G9="Moderate",2,IF(G9="NA","NA",3))) -> NA | I9: NA | J9: =IF(I9="low",1,IF(I9="Moderate",2,IF(I9="NA","NA",3))) -> NA | K9: NA | L9: =IF(K9="low",1,IF(K9="Moderate",2,IF(K9="NA","NA",3))) -> NA | M9: NA | N9: =IF(M9="low",1,IF(M9="Moderate",2,IF(M9="NA","NA",3))) -> NA | O9: NA | P9: =IF(O9="low",1,IF(O9="Moderate",2,IF(O9="NA","NA",3))) -> NA | Q9: =IF(ISERROR(AVERAGE(D9,F9,H9,J9,L9,N9,P9)),"NA",AVERAGE(D9,F9,H9,J9,L9,N9,P9)) -> NA | R9: =IF(Q9="NA","NA",IF(Q9>2.49,"High",IF(Q9<1.5,"Low","Moderate"))) -> NA | S9: NA | T9: =IF(S9="low",1,IF(S9="Moderate",2,IF(S9="NA","NA",3))) -> NA | U9: NA | V9: =IF(U9="low",1,IF(U9="Moderate",2,IF(U9="NA","NA",3))) -> NA | W9: =IF(ISERROR(AVERAGE(T9,V9)),"NA",AVERAGE(T9,V9)) -> NA | X9: =IF(W9="NA","NA",IF(W9>2.49,"High",IF(W9<1.5,"Low","Moderate"))) -> NA | Y9: NA | Z9: =IF(Y9="weak",1,IF(Y9="adequate",2,IF(Y9="NA","NA",3))) -> NA | AA9: NA | AB9: =IF(AA9="weak",1,IF(AA9="adequate",2,IF(AA9="NA","NA",3))) -> NA | AC9: NA | AD9: =IF(AC9="weak",1,IF(AC9="adequate",2,IF(AC9="NA","NA",3))) -> NA | AE9: NA | AF9: =IF(AE9="weak",1,IF(AE9="adequate",2,IF(AE9="NA","NA",3))) -> NA | AG9: NA | AH9: =IF(AG9="weak",1,IF(AG9="adequate",2,IF(AG9="NA","NA",3))) -> NA | AI9: =IF(ISERROR(AVERAGE(Z9,AB9,AD9,AF9,AH9)),"NA",AVERAGE(Z9,AB9,AD9,AF9,AH9)) -> NA | AJ9: =IF(AI9="NA","NA",IF(AI9>2.49,"Strong",IF(AI9<1.5,"Weak","Adequate"))) -> NA | AK9: =IFERROR(Q9*W9,"NA") -> NA | AL9: =IF(AK9="NA","NA",IF(AK9>5.59,"High",IF(AK9<2.6,"Low","Moderate"))) -> NA | AM9: =IFERROR(INDEX(residualrisk,MATCH($AJ9,Controls,0),MATCH($AL9,InherentRisk,0)),"NA") -> NA
A10: Fair Housing (FHA) | B10: If a separate Fair Lending Risk assessment is completed, respond as NA for all Risks and Controls | C10: NA | D10: =IF(C10="low",1,IF(C10="Moderate",2,IF(C10="NA","NA",3))) -> NA | E10: NA | F10: =IF(E10="low",1,IF(E10="Moderate",2,IF(E10="NA","NA",3))) -> NA | G10: NA | H10: =IF(G10="low",1,IF(G10="Moderate",2,IF(G10="NA","NA",3))) -> NA | I10: NA | J10: =IF(I10="low",1,IF(I10="Moderate",2,IF(I10="NA","NA",3))) -> NA | K10: NA | L10: =IF(K10="low",1,IF(K10="Moderate",2,IF(K10="NA","NA",3))) -> NA | M10: NA | N10: =IF(M10="low",1,IF(M10="Moderate",2,IF(M10="NA","NA",3))) -> NA | O10: NA | P10: =IF(O10="low",1,IF(O10="Moderate",2,IF(O10="NA","NA",3))) -> NA | Q10: =IF(ISERROR(AVERAGE(D10,F10,H10,J10,L10,N10,P10)),"NA",AVERAGE(D10,F10,H10,J10,L10,N10,P10)) -> NA | R10: =IF(Q10="NA","NA",IF(Q10>2.49,"High",IF(Q10<1.5,"Low","Moderate"))) -> NA | S10: NA | T10: =IF(S10="low",1,IF(S10="Moderate",2,IF(S10="NA","NA",3))) -> NA | U10: NA | V10: =IF(U10="low",1,IF(U10="Moderate",2,IF(U10="NA","NA",3))) -> NA | W10: =IF(ISERROR(AVERAGE(T10,V10)),"NA",AVERAGE(T10,V10)) -> NA | X10: =IF(W10="NA","NA",IF(W10>2.49,"High",IF(W10<1.5,"Low","Moderate"))) -> NA | Y10: NA | Z10: =IF(Y10="weak",1,IF(Y10="adequate",2,IF(Y10="NA","NA",3))) -> NA | AA10: NA | AB10: =IF(AA10="weak",1,IF(AA10="adequate",2,IF(AA10="NA","NA",3))) -> NA | AC10: NA | AD10: =IF(AC10="weak",1,IF(AC10="adequate",2,IF(AC10="NA","NA",3))) -> NA | AE10: NA | AF10: =IF(AE10="weak",1,IF(AE10="adequate",2,IF(AE10="NA","NA",3))) -> NA | AG10: NA | AH10: =IF(AG10="weak",1,IF(AG10="adequate",2,IF(AG10="NA","NA",3))) -> NA | AI10: =IF(ISERROR(AVERAGE(Z10,AB10,AD10,AF10,AH10)),"NA",AVERAGE(Z10,AB10,AD10,AF10,AH10)) -> NA | AJ10: =IF(AI10="NA","NA",IF(AI10>2.49,"Strong",IF(AI10<1.5,"Weak","Adequate"))) -> NA | AK10: =IFERROR(Q10*W10,"NA") -> NA | AL10: =IF(AK10="NA","NA",IF(AK10>5.59,"High",IF(AK10<2.6,"Low","Moderate"))) -> NA | AM10: =IFERROR(INDEX(residualrisk,MATCH($AJ10,Controls,0),MATCH($AL10,InherentRisk,0)),"NA") -> NA
A11: Reg BB - Community Reinvestment Act (CRA) | C11: Low | D11: =IF(C11="low",1,IF(C11="Moderate",2,IF(C11="NA","NA",3))) -> 1 | E11: Low | F11: =IF(E11="low",1,IF(E11="Moderate",2,IF(E11="NA","NA",3))) -> 1 | G11: Low | H11: =IF(G11="low",1,IF(G11="Moderate",2,IF(G11="NA","NA",3))) -> 1 | I11: Low | J11: =IF(I11="low",1,IF(I11="Moderate",2,IF(I11="NA","NA",3))) -> 1 | K11: Moderate | L11: =IF(K11="low",1,IF(K11="Moderate",2,IF(K11="NA","NA",3))) -> 2 | M11: Low | N11: =IF(M11="low",1,IF(M11="Moderate",2,IF(M11="NA","NA",3))) -> 1 | O11: NA | P11: =IF(O11="low",1,IF(O11="Moderate",2,IF(O11="NA","NA",3))) -> NA | Q11: =IF(ISERROR(AVERAGE(D11,F11,H11,J11,L11,N11,P11)),"NA",AVERAGE(D11,F11,H11,J11,L11,N11,P11)) -> 1.1666667 | R11: =IF(Q11="NA","NA",IF(Q11>2.49,"High",IF(Q11<1.5,"Low","Moderate"))) -> Low | S11: Low | T11: =IF(S11="low",1,IF(S11="Moderate",2,IF(S11="NA","NA",3))) -> 1 | U11: Low | V11: =IF(U11="low",1,IF(U11="Moderate",2,IF(U11="NA","NA",3))) -> 1 | W11: =IF(ISERROR(AVERAGE(T11,V11)),"NA",AVERAGE(T11,V11)) -> 1 | X11: =IF(W11="NA","NA",IF(W11>2.49,"High",IF(W11<1.5,"Low","Moderate"))) -> Low | Y11: Weak | Z11: =IF(Y11="weak",1,IF(Y11="adequate",2,IF(Y11="NA","NA",3))) -> 1 | AA11: Weak | AB11: =IF(AA11="weak",1,IF(AA11="adequate",2,IF(AA11="NA","NA",3))) -> 1 | AC11: Weak | AD11: =IF(AC11="weak",1,IF(AC11="adequate",2,IF(AC11="NA","NA",3))) -> 1 | AE11: Weak | AF11: =IF(AE11="weak",1,IF(AE11="adequate",2,IF(AE11="NA","NA",3))) -> 1 | AG11: Weak | AH11: =IF(AG11="weak",1,IF(AG11="adequate",2,IF(AG11="NA","NA",3))) -> 1 | AI11: =IF(ISERROR(AVERAGE(Z11,AB11,AD11,AF11,AH11)),"NA",AVERAGE(Z11,AB11,AD11,AF11,AH11)) -> 1 | AJ11: =IF(AI11="NA","NA",IF(AI11>2.49,"Strong",IF(AI11<1.5,"Weak","Adequate"))) -> Weak | AK11: =IFERROR(Q11*W11,"NA") -> 1.1666667 | AL11: =IF(AK11="NA","NA",IF(AK11>5.59,"High",IF(AK11<2.6,"Low","Moderate"))) -> Low | AM11: =IFERROR(INDEX(residualrisk,MATCH($AJ11,Controls,0),MATCH($AL11,InherentRisk,0)),"NA") -> Moderate
A12: Reg C - Home Mortgage Disclosure Act (HMDA) | C12: Low | D12: =IF(C12="low",1,IF(C12="Moderate",2,IF(C12="NA","NA",3))) -> 1 | E12: Moderate | F12: =IF(E12="low",1,IF(E12="Moderate",2,IF(E12="NA","NA",3))) -> 2 | G12: Low | H12: =IF(G12="low",1,IF(G12="Moderate",2,IF(G12="NA","NA",3))) -> 1 | I12: Low | J12: =IF(I12="low",1,IF(I12="Moderate",2,IF(I12="NA","NA",3))) -> 1 | K12: Moderate | L12: =IF(K12="low",1,IF(K12="Moderate",2,IF(K12="NA","NA",3))) -> 2 | M12: Low | N12: =IF(M12="low",1,IF(M12="Moderate",2,IF(M12="NA","NA",3))) -> 1 | O12: Low | P12: =IF(O12="low",1,IF(O12="Moderate",2,IF(O12="NA","NA",3))) -> 1 | Q12: =IF(ISERROR(AVERAGE(D12,F12,H12,J12,L12,N12,P12)),"NA",AVERAGE(D12,F12,H12,J12,L12,N12,P12)) -> 1.2857143 | R12: =IF(Q12="NA","NA",IF(Q12>2.49,"High",IF(Q12<1.5,"Low","Moderate"))) -> Low | S12: Moderate | T12: =IF(S12="low",1,IF(S12="Moderate",2,IF(S12="NA","NA",3))) -> 2 | U12: Low | V12: =IF(U12="low",1,IF(U12="Moderate",2,IF(U12="NA","NA",3))) -> 1 | W12: =IF(ISERROR(AVERAGE(T12,V12)),"NA",AVERAGE(T12,V12)) -> 1.5 | X12: =IF(W12="NA","NA",IF(W12>2.49,"High",IF(W12<1.5,"Low","Moderate"))) -> Moderate | Y12: Weak | Z12: =IF(Y12="weak",1,IF(Y12="adequate",2,IF(Y12="NA","NA",3))) -> 1 | AA12: Weak | AB12: =IF(AA12="weak",1,IF(AA12="adequate",2,IF(AA12="NA","NA",3))) -> 1 | AC12: Weak | AD12: =IF(AC12="weak",1,IF(AC12="adequate",2,IF(AC12="NA","NA",3))) -> 1 | AE12: Weak | AF12: =IF(AE12="weak",1,IF(AE12="adequate",2,IF(AE12="NA","NA",3))) -> 1 | AG12: Weak | AH12: =IF(AG12="weak",1,IF(AG12="adequate",2,IF(AG12="NA","NA",3))) -> 1 | AI12: =IF(ISERROR(AVERAGE(Z12,AB12,AD12,AF12,AH12)),"NA",AVERAGE(Z12,AB12,AD12,AF12,AH12)) -> 1 | AJ12: =IF(AI12="NA","NA",IF(AI12>2.49,"Strong",IF(AI12<1.5,"Weak","Adequate"))) -> Weak | AK12: =IFERROR(Q12*W12,"NA") -> 1.9285714 | AL12: =IF(AK12="NA","NA",IF(AK12>5.59,"High",IF(AK12<2.6,"Low","Moderate"))) -> Low | AM12: =IFERROR(INDEX(residualrisk,MATCH($AJ12,Controls,0),MATCH($AL12,InherentRisk,0)),"NA") -> Moderate
A13: Reg F - Fair Debt Collection Practices Act | C13: Moderate | D13: =IF(C13="low",1,IF(C13="Moderate",2,IF(C13="NA","NA",3))) -> 2 | E13: Moderate | F13: =IF(E13="low",1,IF(E13="Moderate",2,IF(E13="NA","NA",3))) -> 2 | G13: Moderate | H13: =IF(G13="low",1,IF(G13="Moderate",2,IF(G13="NA","NA",3))) -> 2 | I13: Moderate | J13: =IF(I13="low",1,IF(I13="Moderate",2,IF(I13="NA","NA",3))) -> 2 | K13: Moderate | L13: =IF(K13="low",1,IF(K13="Moderate",2,IF(K13="NA","NA",3))) -> 2 | M13: Moderate | N13: =IF(M13="low",1,IF(M13="Moderate",2,IF(M13="NA","NA",3))) -> 2 | O13: Low | P13: =IF(O13="low",1,IF(O13="Moderate",2,IF(O13="NA","NA",3))) -> 1 | Q13: =IF(ISERROR(AVERAGE(D13,F13,H13,J13,L13,N13,P13)),"NA",AVERAGE(D13,F13,H13,J13,L13,N13,P13)) -> 1.8571429 | R13: =IF(Q13="NA","NA",IF(Q13>2.49,"High",IF(Q13<1.5,"Low","Moderate"))) -> Moderate | S13: High | T13: =IF(S13="low",1,IF(S13="Moderate",2,IF(S13="NA","NA",3))) -> 3 | U13: High | V13: =IF(U13="low",1,IF(U13="Moderate",2,IF(U13="NA","NA",3))) -> 3 | W13: =IF(ISERROR(AVERAGE(T13,V13)),"NA",AVERAGE(T13,V13)) -> 3 | X13: =IF(W13="NA","NA",IF(W13>2.49,"High",IF(W13<1.5,"Low","Moderate"))) -> High | Y13: Weak | Z13: =IF(Y13="weak",1,IF(Y13="adequate",2,IF(Y13="NA","NA",3))) -> 1 | AA13: Weak | AB13: =IF(AA13="weak",1,IF(AA13="adequate",2,IF(AA13="NA","NA",3))) -> 1 | AC13: Weak | AD13: =IF(AC13="weak",1,IF(AC13="adequate",2,IF(AC13="NA","NA",3))) -> 1 | AE13: Weak | AF13: =IF(AE13="weak",1,IF(AE13="adequate",2,IF(AE13="NA","NA",3))) -> 1 | AG13: Weak | AH13: =IF(AG13="weak",1,IF(AG13="adequate",2,IF(AG13="NA","NA",3))) -> 1 | AI13: =IF(ISERROR(AVERAGE(Z13,AB13,AD13,AF13,AH13)),"NA",AVERAGE(Z13,AB13,AD13,AF13,AH13)) -> 1 | AJ13: =IF(AI13="NA","NA",IF(AI13>2.49,"Strong",IF(AI13<1.5,"Weak","Adequate"))) -> Weak | AK13: =IFERROR(Q13*W13,"NA") -> 5.5714286 | AL13: =IF(AK13="NA","NA",IF(AK13>5.59,"High",IF(AK13<2.6,"Low","Moderate"))) -> Moderate | AM13: =IFERROR(INDEX(residualrisk,MATCH($AJ13,Controls,0),MATCH($AL13,InherentRisk,0)),"NA") -> High
A14: Reg O - Credit to Insiders | C14: Low | D14: =IF(C14="low",1,IF(C14="Moderate",2,IF(C14="NA","NA",3))) -> 1 | E14: Low | F14: =IF(E14="low",1,IF(E14="Moderate",2,IF(E14="NA","NA",3))) -> 1 | G14: Low | H14: =IF(G14="low",1,IF(G14="Moderate",2,IF(G14="NA","NA",3))) -> 1 | I14: Moderate | J14: =IF(I14="low",1,IF(I14="Moderate",2,IF(I14="NA","NA",3))) -> 2 | K14: Moderate | L14: =IF(K14="low",1,IF(K14="Moderate",2,IF(K14="NA","NA",3))) -> 2 | M14: Moderate | N14: =IF(M14="low",1,IF(M14="Moderate",2,IF(M14="NA","NA",3))) -> 2 | O14: Low | P14: =IF(O14="low",1,IF(O14="Moderate",2,IF(O14="NA","NA",3))) -> 1 | Q14: =IF(ISERROR(AVERAGE(D14,F14,H14,J14,L14,N14,P14)),"NA",AVERAGE(D14,F14,H14,J14,L14,N14,P14)) -> 1.4285714 | R14: =IF(Q14="NA","NA",IF(Q14>2.49,"High",IF(Q14<1.5,"Low","Moderate"))) -> Low | S14: High | T14: =IF(S14="low",1,IF(S14="Moderate",2,IF(S14="NA","NA",3))) -> 3 | U14: High | V14: =IF(U14="low",1,IF(U14="Moderate",2,IF(U14="NA","NA",3))) -> 3 | W14: =IF(ISERROR(AVERAGE(T14,V14)),"NA",AVERAGE(T14,V14)) -> 3 | X14: =IF(W14="NA","NA",IF(W14>2.49,"High",IF(W14<1.5,"Low","Moderate"))) -> High | Y14: Weak | Z14: =IF(Y14="weak",1,IF(Y14="adequate",2,IF(Y14="NA","NA",3))) -> 1 | AA14: Weak | AB14: =IF(AA14="weak",1,IF(AA14="adequate",2,IF(AA14="NA","NA",3))) -> 1 | AC14: Weak | AD14: =IF(AC14="weak",1,IF(AC14="adequate",2,IF(AC14="NA","NA",3))) -> 1 | AE14: Weak | AF14: =IF(AE14="weak",1,IF(AE14="adequate",2,IF(AE14="NA","NA",3))) -> 1 | AG14: Weak | AH14: =IF(AG14="weak",1,IF(AG14="adequate",2,IF(AG14="NA","NA",3))) -> 1 | AI14: =IF(ISERROR(AVERAGE(Z14,AB14,AD14,AF14,AH14)),"NA",AVERAGE(Z14,AB14,AD14,AF14,AH14)) -> 1 | AJ14: =IF(AI14="NA","NA",IF(AI14>2.49,"Strong",IF(AI14<1.5,"Weak","Adequate"))) -> Weak | AK14: =IFERROR(Q14*W14,"NA") -> 4.2857143 | AL14: =IF(AK14="NA","NA",IF(AK14>5.59,"High",IF(AK14<2.6,"Low","Moderate"))) -> Moderate | AM14: =IFERROR(INDEX(residualrisk,MATCH($AJ14,Controls,0),MATCH($AL14,InherentRisk,0)),"NA") -> High
A15: Reg V - Fair Credit Reporting (FCRA)/ Fair & Accurate Credit Transactions Act (FACTA) | C15: High | D15: =IF(C15="low",1,IF(C15="Moderate",2,IF(C15="NA","NA",3))) -> 3 | E15: High | F15: =IF(E15="low",1,IF(E15="Moderate",2,IF(E15="NA","NA",3))) -> 3 | G15: High | H15: =IF(G15="low",1,IF(G15="Moderate",2,IF(G15="NA","NA",3))) -> 3 | I15: Moderate | J15: =IF(I15="low",1,IF(I15="Moderate",2,IF(I15="NA","NA",3))) -> 2 | K15: Moderate | L15: =IF(K15="low",1,IF(K15="Moderate",2,IF(K15="NA","NA",3))) -> 2 | M15: High | N15: =IF(M15="low",1,IF(M15="Moderate",2,IF(M15="NA","NA",3))) -> 3 | O15: NA | P15: =IF(O15="low",1,IF(O15="Moderate",2,IF(O15="NA","NA",3))) -> NA | Q15: =IF(ISERROR(AVERAGE(D15,F15,H15,J15,L15,N15,P15)),"NA",AVERAGE(D15,F15,H15,J15,L15,N15,P15)) -> 2.6666667 | R15: =IF(Q15="NA","NA",IF(Q15>2.49,"High",IF(Q15<1.5,"Low","Moderate"))) -> High | S15: High | T15: =IF(S15="low",1,IF(S15="Moderate",2,IF(S15="NA","NA",3))) -> 3 | U15: Moderate | V15: =IF(U15="low",1,IF(U15="Moderate",2,IF(U15="NA","NA",3))) -> 2 | W15: =IF(ISERROR(AVERAGE(T15,V15)),"NA",AVERAGE(T15,V15)) -> 2.5 | X15: =IF(W15="NA","NA",IF(W15>2.49,"High",IF(W15<1.5,"Low","Moderate"))) -> High | Y15: Weak | Z15: =IF(Y15="weak",1,IF(Y15="adequate",2,IF(Y15="NA","NA",3))) -> 1 | AA15: Weak | AB15: =IF(AA15="weak",1,IF(AA15="adequate",2,IF(AA15="NA","NA",3))) -> 1 | AC15: Weak | AD15: =IF(AC15="weak",1,IF(AC15="adequate",2,IF(AC15="NA","NA",3))) -> 1 | AE15: Weak | AF15: =IF(AE15="weak",1,IF(AE15="adequate",2,IF(AE15="NA","NA",3))) -> 1 | AG15: Weak | AH15: =IF(AG15="weak",1,IF(AG15="adequate",2,IF(AG15="NA","NA",3))) -> 1 | AI15: =IF(ISERROR(AVERAGE(Z15,AB15,AD15,AF15,AH15)),"NA",AVERAGE(Z15,AB15,AD15,AF15,AH15)) -> 1 | AJ15: =IF(AI15="NA","NA",IF(AI15>2.49,"Strong",IF(AI15<1.5,"Weak","Adequate"))) -> Weak | AK15: =IFERROR(Q15*W15,"NA") -> 6.6666667 | AL15: =IF(AK15="NA","NA",IF(AK15>5.59,"High",IF(AK15<2.6,"Low","Moderate"))) -> High | AM15: =IFERROR(INDEX(residualrisk,MATCH($AJ15,Controls,0),MATCH($AL15,InherentRisk,0)),"NA") -> High
A16: Reg X - Real Estate Settlement Procedures (RESPA) | C16: Low | D16: =IF(C16="low",1,IF(C16="Moderate",2,IF(C16="NA","NA",3))) -> 1 | E16: Low | F16: =IF(E16="low",1,IF(E16="Moderate",2,IF(E16="NA","NA",3))) -> 1 | G16: Low | H16: =IF(G16="low",1,IF(G16="Moderate",2,IF(G16="NA","NA",3))) -> 1 | I16: Low | J16: =IF(I16="low",1,IF(I16="Moderate",2,IF(I16="NA","NA",3))) -> 1 | K16: Moderate | L16: =IF(K16="low",1,IF(K16="Moderate",2,IF(K16="NA","NA",3))) -> 2 | M16: Low | N16: =IF(M16="low",1,IF(M16="Moderate",2,IF(M16="NA","NA",3))) -> 1 | O16: NA | P16: =IF(O16="low",1,IF(O16="Moderate",2,IF(O16="NA","NA",3))) -> NA | Q16: =IF(ISERROR(AVERAGE(D16,F16,H16,J16,L16,N16,P16)),"NA",AVERAGE(D16,F16,H16,J16,L16,N16,P16)) -> 1.1666667 | R16: =IF(Q16="NA","NA",IF(Q16>2.49,"High",IF(Q16<1.5,"Low","Moderate"))) -> Low | S16: High | T16: =IF(S16="low",1,IF(S16="Moderate",2,IF(S16="NA","NA",3))) -> 3 | U16: High | V16: =IF(U16="low",1,IF(U16="Moderate",2,IF(U16="NA","NA",3))) -> 3 | W16: =IF(ISERROR(AVERAGE(T16,V16)),"NA",AVERAGE(T16,V16)) -> 3 | X16: =IF(W16="NA","NA",IF(W16>2.49,"High",IF(W16<1.5,"Low","Moderate"))) -> High | Y16: Weak | Z16: =IF(Y16="weak",1,IF(Y16="adequate",2,IF(Y16="NA","NA",3))) -> 1 | AA16: Weak | AB16: =IF(AA16="weak",1,IF(AA16="adequate",2,IF(AA16="NA","NA",3))) -> 1 | AC16: Weak | AD16: =IF(AC16="weak",1,IF(AC16="adequate",2,IF(AC16="NA","NA",3))) -> 1 | AE16: Weak | AF16: =IF(AE16="weak",1,IF(AE16="adequate",2,IF(AE16="NA","NA",3))) -> 1 | AG16: Weak | AH16: =IF(AG16="weak",1,IF(AG16="adequate",2,IF(AG16="NA","NA",3))) -> 1 | AI16: =IF(ISERROR(AVERAGE(Z16,AB16,AD16,AF16,AH16)),"NA",AVERAGE(Z16,AB16,AD16,AF16,AH16)) -> 1 | AJ16: =IF(AI16="NA","NA",IF(AI16>2.49,"Strong",IF(AI16<1.5,"Weak","Adequate"))) -> Weak | AK16: =IFERROR(Q16*W16,"NA") -> 3.5 | AL16: =IF(AK16="NA","NA",IF(AK16>5.59,"High",IF(AK16<2.6,"Low","Moderate"))) -> Moderate | AM16: =IFERROR(INDEX(residualrisk,MATCH($AJ16,Controls,0),MATCH($AL16,InherentRisk,0)),"NA") -> High
A17: Reg Z - Truth in Lending (TIL) | C17: Low | D17: =IF(C17="low",1,IF(C17="Moderate",2,IF(C17="NA","NA",3))) -> 1 | E17: Moderate | F17: =IF(E17="low",1,IF(E17="Moderate",2,IF(E17="NA","NA",3))) -> 2 | G17: Low | H17: =IF(G17="low",1,IF(G17="Moderate",2,IF(G17="NA","NA",3))) -> 1 | I17: Moderate | J17: =IF(I17="low",1,IF(I17="Moderate",2,IF(I17="NA","NA",3))) -> 2 | K17: Moderate | L17: =IF(K17="low",1,IF(K17="Moderate",2,IF(K17="NA","NA",3))) -> 2 | M17: Low | N17: =IF(M17="low",1,IF(M17="Moderate",2,IF(M17="NA","NA",3))) -> 1 | O17: Low | P17: =IF(O17="low",1,IF(O17="Moderate",2,IF(O17="NA","NA",3))) -> 1 | Q17: =IF(ISERROR(AVERAGE(D17,F17,H17,J17,L17,N17,P17)),"NA",AVERAGE(D17,F17,H17,J17,L17,N17,P17)) -> 1.4285714 | R17: =IF(Q17="NA","NA",IF(Q17>2.49,"High",IF(Q17<1.5,"Low","Moderate"))) -> Low | S17: High | T17: =IF(S17="low",1,IF(S17="Moderate",2,IF(S17="NA","NA",3))) -> 3 | U17: High | V17: =IF(U17="low",1,IF(U17="Moderate",2,IF(U17="NA","NA",3))) -> 3 | W17: =IF(ISERROR(AVERAGE(T17,V17)),"NA",AVERAGE(T17,V17)) -> 3 | X17: =IF(W17="NA","NA",IF(W17>2.49,"High",IF(W17<1.5,"Low","Moderate"))) -> High | Y17: Weak | Z17: =IF(Y17="weak",1,IF(Y17="adequate",2,IF(Y17="NA","NA",3))) -> 1 | AA17: Weak | AB17: =IF(AA17="weak",1,IF(AA17="adequate",2,IF(AA17="NA","NA",3))) -> 1 | AC17: Weak | AD17: =IF(AC17="weak",1,IF(AC17="adequate",2,IF(AC17="NA","NA",3))) -> 1 | AE17: Weak | AF17: =IF(AE17="weak",1,IF(AE17="adequate",2,IF(AE17="NA","NA",3))) -> 1 | AG17: Weak | AH17: =IF(AG17="weak",1,IF(AG17="adequate",2,IF(AG17="NA","NA",3))) -> 1 | AI17: =IF(ISERROR(AVERAGE(Z17,AB17,AD17,AF17,AH17)),"NA",AVERAGE(Z17,AB17,AD17,AF17,AH17)) -> 1 | AJ17: =IF(AI17="NA","NA",IF(AI17>2.49,"Strong",IF(AI17<1.5,"Weak","Adequate"))) -> Weak | AK17: =IFERROR(Q17*W17,"NA") -> 4.2857143 | AL17: =IF(AK17="NA","NA",IF(AK17>5.59,"High",IF(AK17<2.6,"Low","Moderate"))) -> Moderate | AM17: =IFERROR(INDEX(residualrisk,MATCH($AJ17,Controls,0),MATCH($AL17,InherentRisk,0)),"NA") -> High
A18: Flood Disaster Protection Act (FDPA) | C18: Low | D18: =IF(C18="low",1,IF(C18="Moderate",2,IF(C18="NA","NA",3))) -> 1 | E18: Moderate | F18: =IF(E18="low",1,IF(E18="Moderate",2,IF(E18="NA","NA",3))) -> 2 | G18: Low | H18: =IF(G18="low",1,IF(G18="Moderate",2,IF(G18="NA","NA",3))) -> 1 | I18: Moderate | J18: =IF(I18="low",1,IF(I18="Moderate",2,IF(I18="NA","NA",3))) -> 2 | K18: Moderate | L18: =IF(K18="low",1,IF(K18="Moderate",2,IF(K18="NA","NA",3))) -> 2 | M18: Low | N18: =IF(M18="low",1,IF(M18="Moderate",2,IF(M18="NA","NA",3))) -> 1 | O18: Low | P18: =IF(O18="low",1,IF(O18="Moderate",2,IF(O18="NA","NA",3))) -> 1 | Q18: =IF(ISERROR(AVERAGE(D18,F18,H18,J18,L18,N18,P18)),"NA",AVERAGE(D18,F18,H18,J18,L18,N18,P18)) -> 1.4285714 | R18: =IF(Q18="NA","NA",IF(Q18>2.49,"High",IF(Q18<1.5,"Low","Moderate"))) -> Low | S18: High | T18: =IF(S18="low",1,IF(S18="Moderate",2,IF(S18="NA","NA",3))) -> 3 | U18: High | V18: =IF(U18="low",1,IF(U18="Moderate",2,IF(U18="NA","NA",3))) -> 3 | W18: =IF(ISERROR(AVERAGE(T18,V18)),"NA",AVERAGE(T18,V18)) -> 3 | X18: =IF(W18="NA","NA",IF(W18>2.49,"High",IF(W18<1.5,"Low","Moderate"))) -> High | Y18: Weak | Z18: =IF(Y18="weak",1,IF(Y18="adequate",2,IF(Y18="NA","NA",3))) -> 1 | AA18: Weak | AB18: =IF(AA18="weak",1,IF(AA18="adequate",2,IF(AA18="NA","NA",3))) -> 1 | AC18: Weak | AD18: =IF(AC18="weak",1,IF(AC18="adequate",2,IF(AC18="NA","NA",3))) -> 1 | AE18: Weak | AF18: =IF(AE18="weak",1,IF(AE18="adequate",2,IF(AE18="NA","NA",3))) -> 1 | AG18: Weak | AH18: =IF(AG18="weak",1,IF(AG18="adequate",2,IF(AG18="NA","NA",3))) -> 1 | AI18: =IF(ISERROR(AVERAGE(Z18,AB18,AD18,AF18,AH18)),"NA",AVERAGE(Z18,AB18,AD18,AF18,AH18)) -> 1 | AJ18: =IF(AI18="NA","NA",IF(AI18>2.49,"Strong",IF(AI18<1.5,"Weak","Adequate"))) -> Weak | AK18: =IFERROR(Q18*W18,"NA") -> 4.2857143 | AL18: =IF(AK18="NA","NA",IF(AK18>5.59,"High",IF(AK18<2.6,"Low","Moderate"))) -> Moderate | AM18: =IFERROR(INDEX(residualrisk,MATCH($AJ18,Controls,0),MATCH($AL18,InherentRisk,0)),"NA") -> High
A19: Homeowners Protection Act (HPA) | C19: Low | D19: =IF(C19="low",1,IF(C19="Moderate",2,IF(C19="NA","NA",3))) -> 1 | E19: Low | F19: =IF(E19="low",1,IF(E19="Moderate",2,IF(E19="NA","NA",3))) -> 1 | G19: Low | H19: =IF(G19="low",1,IF(G19="Moderate",2,IF(G19="NA","NA",3))) -> 1 | I19: Low | J19: =IF(I19="low",1,IF(I19="Moderate",2,IF(I19="NA","NA",3))) -> 1 | K19: Moderate | L19: =IF(K19="low",1,IF(K19="Moderate",2,IF(K19="NA","NA",3))) -> 2 | M19: Low | N19: =IF(M19="low",1,IF(M19="Moderate",2,IF(M19="NA","NA",3))) -> 1 | O19: Low | P19: =IF(O19="low",1,IF(O19="Moderate",2,IF(O19="NA","NA",3))) -> 1 | Q19: =IF(ISERROR(AVERAGE(D19,F19,H19,J19,L19,N19,P19)),"NA",AVERAGE(D19,F19,H19,J19,L19,N19,P19)) -> 1.1428571 | R19: =IF(Q19="NA","NA",IF(Q19>2.49,"High",IF(Q19<1.5,"Low","Moderate"))) -> Low | S19: High | T19: =IF(S19="low",1,IF(S19="Moderate",2,IF(S19="NA","NA",3))) -> 3 | U19: High | V19: =IF(U19="low",1,IF(U19="Moderate",2,IF(U19="NA","NA",3))) -> 3 | W19: =IF(ISERROR(AVERAGE(T19,V19)),"NA",AVERAGE(T19,V19)) -> 3 | X19: =IF(W19="NA","NA",IF(W19>2.49,"High",IF(W19<1.5,"Low","Moderate"))) -> High | Y19: Weak | Z19: =IF(Y19="weak",1,IF(Y19="adequate",2,IF(Y19="NA","NA",3))) -> 1 | AA19: Weak | AB19: =IF(AA19="weak",1,IF(AA19="adequate",2,IF(AA19="NA","NA",3))) -> 1 | AC19: Weak | AD19: =IF(AC19="weak",1,IF(AC19="adequate",2,IF(AC19="NA","NA",3))) -> 1 | AE19: Weak | AF19: =IF(AE19="weak",1,IF(AE19="adequate",2,IF(AE19="NA","NA",3))) -> 1 | AG19: Weak | AH19: =IF(AG19="weak",1,IF(AG19="adequate",2,IF(AG19="NA","NA",3))) -> 1 | AI19: =IF(ISERROR(AVERAGE(Z19,AB19,AD19,AF19,AH19)),"NA",AVERAGE(Z19,AB19,AD19,AF19,AH19)) -> 1 | AJ19: =IF(AI19="NA","NA",IF(AI19>2.49,"Strong",IF(AI19<1.5,"Weak","Adequate"))) -> Weak | AK19: =IFERROR(Q19*W19,"NA") -> 3.4285714 | AL19: =IF(AK19="NA","NA",IF(AK19>5.59,"High",IF(AK19<2.6,"Low","Moderate"))) -> Moderate | AM19: =IFERROR(INDEX(residualrisk,MATCH($AJ19,Controls,0),MATCH($AL19,InherentRisk,0)),"NA") -> High
A20: Military Lending Act (MLA) | C20: Low | D20: =IF(C20="low",1,IF(C20="Moderate",2,IF(C20="NA","NA",3))) -> 1 | E20: Low | F20: =IF(E20="low",1,IF(E20="Moderate",2,IF(E20="NA","NA",3))) -> 1 | G20: Low | H20: =IF(G20="low",1,IF(G20="Moderate",2,IF(G20="NA","NA",3))) -> 1 | I20: Low | J20: =IF(I20="low",1,IF(I20="Moderate",2,IF(I20="NA","NA",3))) -> 1 | K20: Moderate | L20: =IF(K20="low",1,IF(K20="Moderate",2,IF(K20="NA","NA",3))) -> 2 | M20: Low | N20: =IF(M20="low",1,IF(M20="Moderate",2,IF(M20="NA","NA",3))) -> 1 | O20: Low | P20: =IF(O20="low",1,IF(O20="Moderate",2,IF(O20="NA","NA",3))) -> 1 | Q20: =IF(ISERROR(AVERAGE(D20,F20,H20,J20,L20,N20,P20)),"NA",AVERAGE(D20,F20,H20,J20,L20,N20,P20)) -> 1.1428571 | R20: =IF(Q20="NA","NA",IF(Q20>2.49,"High",IF(Q20<1.5,"Low","Moderate"))) -> Low | S20: Moderate | T20: =IF(S20="low",1,IF(S20="Moderate",2,IF(S20="NA","NA",3))) -> 2 | U20: High | V20: =IF(U20="low",1,IF(U20="Moderate",2,IF(U20="NA","NA",3))) -> 3 | W20: =IF(ISERROR(AVERAGE(T20,V20)),"NA",AVERAGE(T20,V20)) -> 2.5 | X20: =IF(W20="NA","NA",IF(W20>2.49,"High",IF(W20<1.5,"Low","Moderate"))) -> High | Y20: Weak | Z20: =IF(Y20="weak",1,IF(Y20="adequate",2,IF(Y20="NA","NA",3))) -> 1 | AA20: Weak | AB20: =IF(AA20="weak",1,IF(AA20="adequate",2,IF(AA20="NA","NA",3))) -> 1 | AC20: Weak | AD20: =IF(AC20="weak",1,IF(AC20="adequate",2,IF(AC20="NA","NA",3))) -> 1 | AE20: Weak | AF20: =IF(AE20="weak",1,IF(AE20="adequate",2,IF(AE20="NA","NA",3))) -> 1 | AG20: Weak | AH20: =IF(AG20="weak",1,IF(AG20="adequate",2,IF(AG20="NA","NA",3))) -> 1 | AI20: =IF(ISERROR(AVERAGE(Z20,AB20,AD20,AF20,AH20)),"NA",AVERAGE(Z20,AB20,AD20,AF20,AH20)) -> 1 | AJ20: =IF(AI20="NA","NA",IF(AI20>2.49,"Strong",IF(AI20<1.5,"Weak","Adequate"))) -> Weak | AK20: =IFERROR(Q20*W20,"NA") -> 2.8571429 | AL20: =IF(AK20="NA","NA",IF(AK20>5.59,"High",IF(AK20<2.6,"Low","Moderate"))) -> Moderate | AM20: =IFERROR(INDEX(residualrisk,MATCH($AJ20,Controls,0),MATCH($AL20,InherentRisk,0)),"NA") -> High
A21: Protecting Tenants in Foreclosure | C21: Low | D21: =IF(C21="low",1,IF(C21="Moderate",2,IF(C21="NA","NA",3))) -> 1 | E21: Low | F21: =IF(E21="low",1,IF(E21="Moderate",2,IF(E21="NA","NA",3))) -> 1 | G21: Low | H21: =IF(G21="low",1,IF(G21="Moderate",2,IF(G21="NA","NA",3))) -> 1 | I21: Low | J21: =IF(I21="low",1,IF(I21="Moderate",2,IF(I21="NA","NA",3))) -> 1 | K21: Moderate | L21: =IF(K21="low",1,IF(K21="Moderate",2,IF(K21="NA","NA",3))) -> 2 | M21: Low | N21: =IF(M21="low",1,IF(M21="Moderate",2,IF(M21="NA","NA",3))) -> 1 | O21: Low | P21: =IF(O21="low",1,IF(O21="Moderate",2,IF(O21="NA","NA",3))) -> 1 | Q21: =IF(ISERROR(AVERAGE(D21,F21,H21,J21,L21,N21,P21)),"NA",AVERAGE(D21,F21,H21,J21,L21,N21,P21)) -> 1.1428571 | R21: =IF(Q21="NA","NA",IF(Q21>2.49,"High",IF(Q21<1.5,"Low","Moderate"))) -> Low | S21: Moderate | T21: =IF(S21="low",1,IF(S21="Moderate",2,IF(S21="NA","NA",3))) -> 2 | U21: High | V21: =IF(U21="low",1,IF(U21="Moderate",2,IF(U21="NA","NA",3))) -> 3 | W21: =IF(ISERROR(AVERAGE(T21,V21)),"NA",AVERAGE(T21,V21)) -> 2.5 | X21: =IF(W21="NA","NA",IF(W21>2.49,"High",IF(W21<1.5,"Low","Moderate"))) -> High | Y21: Weak | Z21: =IF(Y21="weak",1,IF(Y21="adequate",2,IF(Y21="NA","NA",3))) -> 1 | AA21: Weak | AB21: =IF(AA21="weak",1,IF(AA21="adequate",2,IF(AA21="NA","NA",3))) -> 1 | AC21: Weak | AD21: =IF(AC21="weak",1,IF(AC21="adequate",2,IF(AC21="NA","NA",3))) -> 1 | AE21: Weak | AF21: =IF(AE21="weak",1,IF(AE21="adequate",2,IF(AE21="NA","NA",3))) -> 1 | AG21: Weak | AH21: =IF(AG21="weak",1,IF(AG21="adequate",2,IF(AG21="NA","NA",3))) -> 1 | AI21: =IF(ISERROR(AVERAGE(Z21,AB21,AD21,AF21,AH21)),"NA",AVERAGE(Z21,AB21,AD21,AF21,AH21)) -> 1 | AJ21: =IF(AI21="NA","NA",IF(AI21>2.49,"Strong",IF(AI21<1.5,"Weak","Adequate"))) -> Weak | AK21: =IFERROR(Q21*W21,"NA") -> 2.8571429 | AL21: =IF(AK21="NA","NA",IF(AK21>5.59,"High",IF(AK21<2.6,"Low","Moderate"))) -> Moderate | AM21: =IFERROR(INDEX(residualrisk,MATCH($AJ21,Controls,0),MATCH($AL21,InherentRisk,0)),"NA") -> High
A22: Secure and Fair Mortgage Enforcement (SAFE Act) | C22: Low | D22: =IF(C22="low",1,IF(C22="Moderate",2,IF(C22="NA","NA",3))) -> 1 | E22: Low | F22: =IF(E22="low",1,IF(E22="Moderate",2,IF(E22="NA","NA",3))) -> 1 | G22: Low | H22: =IF(G22="low",1,IF(G22="Moderate",2,IF(G22="NA","NA",3))) -> 1 | I22: Low | J22: =IF(I22="low",1,IF(I22="Moderate",2,IF(I22="NA","NA",3))) -> 1 | K22: Moderate | L22: =IF(K22="low",1,IF(K22="Moderate",2,IF(K22="NA","NA",3))) -> 2 | M22: Low | N22: =IF(M22="low",1,IF(M22="Moderate",2,IF(M22="NA","NA",3))) -> 1 | O22: Low | P22: =IF(O22="low",1,IF(O22="Moderate",2,IF(O22="NA","NA",3))) -> 1 | Q22: =IF(ISERROR(AVERAGE(D22,F22,H22,J22,L22,N22,P22)),"NA",AVERAGE(D22,F22,H22,J22,L22,N22,P22)) -> 1.1428571 | R22: =IF(Q22="NA","NA",IF(Q22>2.49,"High",IF(Q22<1.5,"Low","Moderate"))) -> Low | S22: Moderate | T22: =IF(S22="low",1,IF(S22="Moderate",2,IF(S22="NA","NA",3))) -> 2 | U22: High | V22: =IF(U22="low",1,IF(U22="Moderate",2,IF(U22="NA","NA",3))) -> 3 | W22: =IF(ISERROR(AVERAGE(T22,V22)),"NA",AVERAGE(T22,V22)) -> 2.5 | X22: =IF(W22="NA","NA",IF(W22>2.49,"High",IF(W22<1.5,"Low","Moderate"))) -> High | Y22: Weak | Z22: =IF(Y22="weak",1,IF(Y22="adequate",2,IF(Y22="NA","NA",3))) -> 1 | AA22: Weak | AB22: =IF(AA22="weak",1,IF(AA22="adequate",2,IF(AA22="NA","NA",3))) -> 1 | AC22: Weak | AD22: =IF(AC22="weak",1,IF(AC22="adequate",2,IF(AC22="NA","NA",3))) -> 1 | AE22: Weak | AF22: =IF(AE22="weak",1,IF(AE22="adequate",2,IF(AE22="NA","NA",3))) -> 1 | AG22: Weak | AH22: =IF(AG22="weak",1,IF(AG22="adequate",2,IF(AG22="NA","NA",3))) -> 1 | AI22: =IF(ISERROR(AVERAGE(Z22,AB22,AD22,AF22,AH22)),"NA",AVERAGE(Z22,AB22,AD22,AF22,AH22)) -> 1 | AJ22: =IF(AI22="NA","NA",IF(AI22>2.49,"Strong",IF(AI22<1.5,"Weak","Adequate"))) -> Weak | AK22: =IFERROR(Q22*W22,"NA") -> 2.8571429 | AL22: =IF(AK22="NA","NA",IF(AK22>5.59,"High",IF(AK22<2.6,"Low","Moderate"))) -> Moderate | AM22: =IFERROR(INDEX(residualrisk,MATCH($AJ22,Controls,0),MATCH($AL22,InherentRisk,0)),"NA") -> High
... A24: Third Party Risk - Use of Third Parties | C24: Low | D24: =IF(C24="low",1,IF(C24="Moderate",2,IF(C24="NA","NA",3))) -> 1 | E24: Low | F24: =IF(E24="low",1,IF(E24="Moderate",2,IF(E24="NA","NA",3))) -> 1 | G24: Low | H24: =IF(G24="low",1,IF(G24="Moderate",2,IF(G24="NA","NA",3))) -> 1 | I24: Moderate | J24: =IF(I24="low",1,IF(I24="Moderate",2,IF(I24="NA","NA",3))) -> 2 | K24: Moderate | L24: =IF(K24="low",1,IF(K24="Moderate",2,IF(K24="NA","NA",3))) -> 2 | M24: Low | N24: =IF(M24="low",1,IF(M24="Moderate",2,IF(M24="NA","NA",3))) -> 1 | O24: Low | P24: =IF(O24="low",1,IF(O24="Moderate",2,IF(O24="NA","NA",3))) -> 1 | Q24: =IF(ISERROR(AVERAGE(D24,F24,H24,J24,L24,N24,P24)),"NA",AVERAGE(D24,F24,H24,J24,L24,N24,P24)) -> 1.2857143 | R24: =IF(Q24="NA","NA",IF(Q24>2.49,"High",IF(Q24<1.5,"Low","Moderate"))) -> Low | S24: High | T24: =IF(S24="low",1,IF(S24="Moderate",2,IF(S24="NA","NA",3))) -> 3 | U24: High | V24: =IF(U24="low",1,IF(U24="Moderate",2,IF(U24="NA","NA",3))) -> 3 | W24: =IF(ISERROR(AVERAGE(T24,V24)),"NA",AVERAGE(T24,V24)) -> 3 | X24: =IF(W24="NA","NA",IF(W24>2.49,"High",IF(W24<1.5,"Low","Moderate"))) -> High | Y24: Weak | Z24: =IF(Y24="weak",1,IF(Y24="adequate",2,IF(Y24="NA","NA",3))) -> 1 | AA24: Weak | AB24: =IF(AA24="weak",1,IF(AA24="adequate",2,IF(AA24="NA","NA",3))) -> 1 | AC24: Weak | AD24: =IF(AC24="weak",1,IF(AC24="adequate",2,IF(AC24="NA","NA",3))) -> 1 | AE24: Weak | AF24: =IF(AE24="weak",1,IF(AE24="adequate",2,IF(AE24="NA","NA",3))) -> 1 | AG24: Weak | AH24: =IF(AG24="weak",1,IF(AG24="adequate",2,IF(AG24="NA","NA",3))) -> 1 | AI24: =IF(ISERROR(AVERAGE(Z24,AB24,AD24,AF24,AH24)),"NA",AVERAGE(Z24,AB24,AD24,AF24,AH24)) -> 1 | AJ24: =IF(AI24="NA","NA",IF(AI24>2.49,"Strong",IF(AI24<1.5,"Weak","Adequate"))) -> Weak | AK24: =IFERROR(Q24*W24,"NA") -> 3.8571429 | AL24: =IF(AK24="NA","NA",IF(AK24>5.59,"High",IF(AK24<2.6,"Low","Moderate"))) -> Moderate | AM24: =IFERROR(INDEX(residualrisk,MATCH($AJ24,Controls,0),MATCH($AL24,InherentRisk,0)),"NA") -> High
A25: Deposit Compliance Overall Risk | Q25: {=AVERAGE(IF(ISNUMBER(Q26:Q39),Q26:Q39))} -> 1.3061224 | R25: =IF(Q25>2.49,"High",IF(Q25<1.5,"Low","Moderate")) -> Low | W25: {=AVERAGE(IF(ISNUMBER(W26:W39),W26:W39))} -> 2.6071429 | X25: =IF(W25>2.49,"High",IF(W25<1.5,"Low","Moderate")) -> High | AI25: {=AVERAGE(IF(ISNUMBER(AI26:AI39),AI26:AI39))} -> 2.3142857 | AJ25: =IF(AI25>2.49,"Strong",IF(AI25<1.5,"Weak","Adequate")) -> Adequate | AK25: =AVERAGE(AK26:AK39) -> 3.4379252 | AL25: =IF(AK25>5.59,"High",IF(AK25<2.6,"Low","Moderate")) -> Moderate | AM25: =INDEX(residualrisk,MATCH($AJ25,Controls,0),MATCH($AL25,InherentRisk,0)) -> Moderate
A26: Reg CC - Expedited Funds Availability (EFA) | C26: Low | D26: =IF(C26="low",1,IF(C26="Moderate",2,IF(C26="NA","NA",3))) -> 1 | E26: Low | F26: =IF(E26="low",1,IF(E26="Moderate",2,IF(E26="NA","NA",3))) -> 1 | G26: Low | H26: =IF(G26="low",1,IF(G26="Moderate",2,IF(G26="NA","NA",3))) -> 1 | I26: Low | J26: =IF(I26="low",1,IF(I26="Moderate",2,IF(I26="NA","NA",3))) -> 1 | K26: Moderate | L26: =IF(K26="low",1,IF(K26="Moderate",2,IF(K26="NA","NA",3))) -> 2 | M26: Low | N26: =IF(M26="low",1,IF(M26="Moderate",2,IF(M26="NA","NA",3))) -> 1 | O26: NA | P26: =IF(O26="low",1,IF(O26="Moderate",2,IF(O26="NA","NA",3))) -> NA | Q26: =IF(ISERROR(AVERAGE(D26,F26,H26,J26,L26,N26,P26)),"NA",AVERAGE(D26,F26,H26,J26,L26,N26,P26)) -> 1.1666667 | R26: =IF(Q26="NA","NA",IF(Q26>2.49,"High",IF(Q26<1.5,"Low","Moderate"))) -> Low | S26: High | T26: =IF(S26="low",1,IF(S26="Moderate",2,IF(S26="NA","NA",3))) -> 3 | U26: High | V26: =IF(U26="low",1,IF(U26="Moderate",2,IF(U26="NA","NA",3))) -> 3 | W26: =IF(ISERROR(AVERAGE(T26,V26)),"NA",AVERAGE(T26,V26)) -> 3 | X26: =IF(W26="NA","NA",IF(W26>2.49,"High",IF(W26<1.5,"Low","Moderate"))) -> High | Y26: Adequate | Z26: =IF(Y26="weak",1,IF(Y26="adequate",2,IF(Y26="NA","NA",3))) -> 2 | AA26: Strong | AB26: =IF(AA26="weak",1,IF(AA26="adequate",2,IF(AA26="NA","NA",3))) -> 3 | AC26: Adequate | AD26: =IF(AC26="weak",1,IF(AC26="adequate",2,IF(AC26="NA","NA",3))) -> 2 | AE26: Adequate | AF26: =IF(AE26="weak",1,IF(AE26="adequate",2,IF(AE26="NA","NA",3))) -> 2 | AG26: Strong | AH26: =IF(AG26="weak",1,IF(AG26="adequate",2,IF(AG26="NA","NA",3))) -> 3 | AI26: =IF(ISERROR(AVERAGE(Z26,AB26,AD26,AF26,AH26)),"NA",AVERAGE(Z26,AB26,AD26,AF26,AH26)) -> 2.4 | AJ26: =IF(AI26="NA","NA",IF(AI26>2.49,"Strong",IF(AI26<1.5,"Weak","Adequate"))) -> Adequate | AK26: =IFERROR(Q26*W26,"NA") -> 3.5 | AL26: =IF(AK26="NA","NA",IF(AK26>5.59,"High",IF(AK26<2.6,"Low","Moderate"))) -> Moderate | AM26: =IFERROR(INDEX(residualrisk,MATCH($AJ26,Controls,0),MATCH($AL26,InherentRisk,0)),"NA") -> Moderate
A27: Reg DD - Truth in Savings (TIS) | C27: Low | D27: =IF(C27="low",1,IF(C27="Moderate",2,IF(C27="NA","NA",3))) -> 1 | E27: Low | F27: =IF(E27="low",1,IF(E27="Moderate",2,IF(E27="NA","NA",3))) -> 1 | G27: Low | H27: =IF(G27="low",1,IF(G27="Moderate",2,IF(G27="NA","NA",3))) -> 1 | I27: Low | J27: =IF(I27="low",1,IF(I27="Moderate",2,IF(I27="NA","NA",3))) -> 1 | K27: Moderate | L27: =IF(K27="low",1,IF(K27="Moderate",2,IF(K27="NA","NA",3))) -> 2 | M27: Low | N27: =IF(M27="low",1,IF(M27="Moderate",2,IF(M27="NA","NA",3))) -> 1 | O27: NA | P27: =IF(O27="low",1,IF(O27="Moderate",2,IF(O27="NA","NA",3))) -> NA | Q27: =IF(ISERROR(AVERAGE(D27,F27,H27,J27,L27,N27,P27)),"NA",AVERAGE(D27,F27,H27,J27,L27,N27,P27)) -> 1.1666667 | R27: =IF(Q27="NA","NA",IF(Q27>2.49,"High",IF(Q27<1.5,"Low","Moderate"))) -> Low | S27: Low | T27: =IF(S27="low",1,IF(S27="Moderate",2,IF(S27="NA","NA",3))) -> 1 | U27: Low | V27: =IF(U27="low",1,IF(U27="Moderate",2,IF(U27="NA","NA",3))) -> 1 | W27: =IF(ISERROR(AVERAGE(T27,V27)),"NA",AVERAGE(T27,V27)) -> 1 | X27: =IF(W27="NA","NA",IF(W27>2.49,"High",IF(W27<1.5,"Low","Moderate"))) -> Low | Y27: Weak | Z27: =IF(Y27="weak",1,IF(Y27="adequate",2,IF(Y27="NA","NA",3))) -> 1 | AA27: Strong | AB27: =IF(AA27="weak",1,IF(AA27="adequate",2,IF(AA27="NA","NA",3))) -> 3 | AC27: Adequate | AD27: =IF(AC27="weak",1,IF(AC27="adequate",2,IF(AC27="NA","NA",3))) -> 2 | AE27: Adequate | AF27: =IF(AE27="weak",1,IF(AE27="adequate",2,IF(AE27="NA","NA",3))) -> 2 | AG27: Strong | AH27: =IF(AG27="weak",1,IF(AG27="adequate",2,IF(AG27="NA","NA",3))) -> 3 | AI27: =IF(ISERROR(AVERAGE(Z27,AB27,AD27,AF27,AH27)),"NA",AVERAGE(Z27,AB27,AD27,AF27,AH27)) -> 2.2 | AJ27: =IF(AI27="NA","NA",IF(AI27>2.49,"Strong",IF(AI27<1.5,"Weak","Adequate"))) -> Adequate | AK27: =IFERROR(Q27*W27,"NA") -> 1.1666667 | AL27: =IF(AK27="NA","NA",IF(AK27>5.59,"High",IF(AK27<2.6,"Low","Moderate"))) -> Low | AM27: =IFERROR(INDEX(residualrisk,MATCH($AJ27,Controls,0),MATCH($AL27,InherentRisk,0)),"NA") -> Low
A28: FDIC/NCUA Advertisement of Membership | C28: Low | D28: =IF(C28="low",1,IF(C28="Moderate",2,IF(C28="NA","NA",3))) -> 1 | E28: Moderate | F28: =IF(E28="low",1,IF(E28="Moderate",2,IF(E28="NA","NA",3))) -> 2 | G28: Low | H28: =IF(G28="low",1,IF(G28="Moderate",2,IF(G28="NA","NA",3))) -> 1 | I28: Low | J28: =IF(I28="low",1,IF(I28="Moderate",2,IF(I28="NA","NA",3))) -> 1 | K28: Moderate | L28: =IF(K28="low",1,IF(K28="Moderate",2,IF(K28="NA","NA",3))) -> 2 | M28: Low | N28: =IF(M28="low",1,IF(M28="Moderate",2,IF(M28="NA","NA",3))) -> 1 | O28: Low | P28: =IF(O28="low",1,IF(O28="Moderate",2,IF(O28="NA","NA",3))) -> 1 | Q28: =IF(ISERROR(AVERAGE(D28,F28,H28,J28,L28,N28,P28)),"NA",AVERAGE(D28,F28,H28,J28,L28,N28,P28)) -> 1.2857143 | R28: =IF(Q28="NA","NA",IF(Q28>2.49,"High",IF(Q28<1.5,"Low","Moderate"))) -> Low | S28: Moderate | T28: =IF(S28="low",1,IF(S28="Moderate",2,IF(S28="NA","NA",3))) -> 2 | U28: Low | V28: =IF(U28="low",1,IF(U28="Moderate",2,IF(U28="NA","NA",3))) -> 1 | W28: =IF(ISERROR(AVERAGE(T28,V28)),"NA",AVERAGE(T28,V28)) -> 1.5 | X28: =IF(W28="NA","NA",IF(W28>2.49,"High",IF(W28<1.5,"Low","Moderate"))) -> Moderate | Y28: Adequate | Z28: =IF(Y28="weak",1,IF(Y28="adequate",2,IF(Y28="NA","NA",3))) -> 2 | AA28: Strong | AB28: =IF(AA28="weak",1,IF(AA28="adequate",2,IF(AA28="NA","NA",3))) -> 3 | AC28: Adequate | AD28: =IF(AC28="weak",1,IF(AC28="adequate",2,IF(AC28="NA","NA",3))) -> 2 | AE28: Strong | AF28: =IF(AE28="weak",1,IF(AE28="adequate",2,IF(AE28="NA","NA",3))) -> 3 | AG28: Strong | AH28: =IF(AG28="weak",1,IF(AG28="adequate",2,IF(AG28="NA","NA",3))) -> 3 | AI28: =IF(ISERROR(AVERAGE(Z28,AB28,AD28,AF28,AH28)),"NA",AVERAGE(Z28,AB28,AD28,AF28,AH28)) -> 2.6 | AJ28: =IF(AI28="NA","NA",IF(AI28>2.49,"Strong",IF(AI28<1.5,"Weak","Adequate"))) -> Strong | AK28: =IFERROR(Q28*W28,"NA") -> 1.9285714 | AL28: =IF(AK28="NA","NA",IF(AK28>5.59,"High",IF(AK28<2.6,"Low","Moderate"))) -> Low | AM28: =IFERROR(INDEX(residualrisk,MATCH($AJ28,Controls,0),MATCH($AL28,InherentRisk,0)),"NA") -> Low
A29: Reg E - Electronic Funds Transfer Act (EFTA) | C29: Moderate | D29: =IF(C29="low",1,IF(C29="Moderate",2,IF(C29="NA","NA",3))) -> 2 | E29: Moderate | F29: =IF(E29="low",1,IF(E29="Moderate",2,IF(E29="NA","NA",3))) -> 2 | G29: Moderate | H29: =IF(G29="low",1,IF(G29="Moderate",2,IF(G29="NA","NA",3))) -> 2 | I29: Moderate | J29: =IF(I29="low",1,IF(I29="Moderate",2,IF(I29="NA","NA",3))) -> 2 | K29: Moderate | L29: =IF(K29="low",1,IF(K29="Moderate",2,IF(K29="NA","NA",3))) -> 2 | M29: Moderate | N29: =IF(M29="low",1,IF(M29="Moderate",2,IF(M29="NA","NA",3))) -> 2 | O29: Low | P29: =IF(O29="low",1,IF(O29="Moderate",2,IF(O29="NA","NA",3))) -> 1 | Q29: =IF(ISERROR(AVERAGE(D29,F29,H29,J29,L29,N29,P29)),"NA",AVERAGE(D29,F29,H29,J29,L29,N29,P29)) -> 1.8571429 | R29: =IF(Q29="NA","NA",IF(Q29>2.49,"High",IF(Q29<1.5,"Low","Moderate"))) -> Moderate | S29: High | T29: =IF(S29="low",1,IF(S29="Moderate",2,IF(S29="NA","NA",3))) -> 3 | U29: High | V29: =IF(U29="low",1,IF(U29="Moderate",2,IF(U29="NA","NA",3))) -> 3 | W29: =IF(ISERROR(AVERAGE(T29,V29)),"NA",AVERAGE(T29,V29)) -> 3 | X29: =IF(W29="NA","NA",IF(W29>2.49,"High",IF(W29<1.5,"Low","Moderate"))) -> High | Y29: Weak | Z29: =IF(Y29="weak",1,IF(Y29="adequate",2,IF(Y29="NA","NA",3))) -> 1 | AA29: Strong | AB29: =IF(AA29="weak",1,IF(AA29="adequate",2,IF(AA29="NA","NA",3))) -> 3 | AC29: Adequate | AD29: =IF(AC29="weak",1,IF(AC29="adequate",2,IF(AC29="NA","NA",3))) -> 2 | AE29: Adequate | AF29: =IF(AE29="weak",1,IF(AE29="adequate",2,IF(AE29="NA","NA",3))) -> 2 | AG29: Strong | AH29: =IF(AG29="weak",1,IF(AG29="adequate",2,IF(AG29="NA","NA",3))) -> 3 | AI29: =IF(ISERROR(AVERAGE(Z29,AB29,AD29,AF29,AH29)),"NA",AVERAGE(Z29,AB29,AD29,AF29,AH29)) -> 2.2 | AJ29: =IF(AI29="NA","NA",IF(AI29>2.49,"Strong",IF(AI29<1.5,"Weak","Adequate"))) -> Adequate | AK29: =IFERROR(Q29*W29,"NA") -> 5.5714286 | AL29: =IF(AK29="NA","NA",IF(AK29>5.59,"High",IF(AK29<2.6,"Low","Moderate"))) -> Moderate | AM29: =IFERROR(INDEX(residualrisk,MATCH($AJ29,Controls,0),MATCH($AL29,InherentRisk,0)),"NA") -> Moderate
A30: Reg GG - Unlawful Internet Gambling Enforcement Act (UIGEA) | C30: Low | D30: =IF(C30="low",1,IF(C30="Moderate",2,IF(C30="NA","NA",3))) -> 1 | E30: Low | F30: =IF(E30="low",1,IF(E30="Moderate",2,IF(E30="NA","NA",3))) -> 1 | G30: Low | H30: =IF(G30="low",1,IF(G30="Moderate",2,IF(G30="NA","NA",3))) -> 1 | I30: Moderate | J30: =IF(I30="low",1,IF(I30="Moderate",2,IF(I30="NA","NA",3))) -> 2 | K30: Moderate | L30: =IF(K30="low",1,IF(K30="Moderate",2,IF(K30="NA","NA",3))) -> 2 | M30: Moderate | N30: =IF(M30="low",1,IF(M30="Moderate",2,IF(M30="NA","NA",3))) -> 2 | O30: Low | P30: =IF(O30="low",1,IF(O30="Moderate",2,IF(O30="NA","NA",3))) -> 1 | Q30: =IF(ISERROR(AVERAGE(D30,F30,H30,J30,L30,N30,P30)),"NA",AVERAGE(D30,F30,H30,J30,L30,N30,P30)) -> 1.4285714 | R30: =IF(Q30="NA","NA",IF(Q30>2.49,"High",IF(Q30<1.5,"Low","Moderate"))) -> Low | S30: High | T30: =IF(S30="low",1,IF(S30="Moderate",2,IF(S30="NA","NA",3))) -> 3 | U30: High | V30: =IF(U30="low",1,IF(U30="Moderate",2,IF(U30="NA","NA",3))) -> 3 | W30: =IF(ISERROR(AVERAGE(T30,V30)),"NA",AVERAGE(T30,V30)) -> 3 | X30: =IF(W30="NA","NA",IF(W30>2.49,"High",IF(W30<1.5,"Low","Moderate"))) -> High | Y30: Adequate | Z30: =IF(Y30="weak",1,IF(Y30="adequate",2,IF(Y30="NA","NA",3))) -> 2 | AA30: Strong | AB30: =IF(AA30="weak",1,IF(AA30="adequate",2,IF(AA30="NA","NA",3))) -> 3 | AC30: Adequate | AD30: =IF(AC30="weak",1,IF(AC30="adequate",2,IF(AC30="NA","NA",3))) -> 2 | AE30: Adequate | AF30: =IF(AE30="weak",1,IF(AE30="adequate",2,IF(AE30="NA","NA",3))) -> 2 | AG30: Strong | AH30: =IF(AG30="weak",1,IF(AG30="adequate",2,IF(AG30="NA","NA",3))) -> 3 | AI30: =IF(ISERROR(AVERAGE(Z30,AB30,AD30,AF30,AH30)),"NA",AVERAGE(Z30,AB30,AD30,AF30,AH30)) -> 2.4 | AJ30: =IF(AI30="NA","NA",IF(AI30>2.49,"Strong",IF(AI30<1.5,"Weak","Adequate"))) -> Adequate | AK30: =IFERROR(Q30*W30,"NA") -> 4.2857143 | AL30: =IF(AK30="NA","NA",IF(AK30>5.59,"High",IF(AK30<2.6,"Low","Moderate"))) -> Moderate | AM30: =IFERROR(INDEX(residualrisk,MATCH($AJ30,Controls,0),MATCH($AL30,InherentRisk,0)),"NA") -> Moderate
A31: Reg D | C31: Low | D31: =IF(C31="low",1,IF(C31="Moderate",2,IF(C31="NA","NA",3))) -> 1 | E31: Moderate | F31: =IF(E31="low",1,IF(E31="Moderate",2,IF(E31="NA","NA",3))) -> 2 | G31: Low | H31: =IF(G31="low",1,IF(G31="Moderate",2,IF(G31="NA","NA",3))) -> 1 | I31: Moderate | J31: =IF(I31="low",1,IF(I31="Moderate",2,IF(I31="NA","NA",3))) -> 2 | K31: Moderate | L31: =IF(K31="low",1,IF(K31="Moderate",2,IF(K31="NA","NA",3))) -> 2 | M31: Low | N31: =IF(M31="low",1,IF(M31="Moderate",2,IF(M31="NA","NA",3))) -> 1 | O31: NA | P31: =IF(O31="low",1,IF(O31="Moderate",2,IF(O31="NA","NA",3))) -> NA | Q31: =IF(ISERROR(AVERAGE(D31,F31,H31,J31,L31,N31,P31)),"NA",AVERAGE(D31,F31,H31,J31,L31,N31,P31)) -> 1.5 | R31: =IF(Q31="NA","NA",IF(Q31>2.49,"High",IF(Q31<1.5,"Low","Moderate"))) -> Moderate | S31: High | T31: =IF(S31="low",1,IF(S31="Moderate",2,IF(S31="NA","NA",3))) -> 3 | U31: Moderate | V31: =IF(U31="low",1,IF(U31="Moderate",2,IF(U31="NA","NA",3))) -> 2 | W31: =IF(ISERROR(AVERAGE(T31,V31)),"NA",AVERAGE(T31,V31)) -> 2.5 | X31: =IF(W31="NA","NA",IF(W31>2.49,"High",IF(W31<1.5,"Low","Moderate"))) -> High | Y31: Adequate | Z31: =IF(Y31="weak",1,IF(Y31="adequate",2,IF(Y31="NA","NA",3))) -> 2 | AA31: Strong | AB31: =IF(AA31="weak",1,IF(AA31="adequate",2,IF(AA31="NA","NA",3))) -> 3 | AC31: Adequate | AD31: =IF(AC31="weak",1,IF(AC31="adequate",2,IF(AC31="NA","NA",3))) -> 2 | AE31: Adequate | AF31: =IF(AE31="weak",1,IF(AE31="adequate",2,IF(AE31="NA","NA",3))) -> 2 | AG31: Strong | AH31: =IF(AG31="weak",1,IF(AG31="adequate",2,IF(AG31="NA","NA",3))) -> 3 | AI31: =IF(ISERROR(AVERAGE(Z31,AB31,AD31,AF31,AH31)),"NA",AVERAGE(Z31,AB31,AD31,AF31,AH31)) -> 2.4 | AJ31: =IF(AI31="NA","NA",IF(AI31>2.49,"Strong",IF(AI31<1.5,"Weak","Adequate"))) -> Adequate | AK31: =IFERROR(Q31*W31,"NA") -> 3.75 | AL31: =IF(AK31="NA","NA",IF(AK31>5.59,"High",IF(AK31<2.6,"Low","Moderate"))) -> Moderate | AM31: =IFERROR(INDEX(residualrisk,MATCH($AJ31,Controls,0),MATCH($AL31,InherentRisk,0)),"NA") -> Moderate
A32: CAN-SPAM Act | C32: Low | D32: =IF(C32="low",1,IF(C32="Moderate",2,IF(C32="NA","NA",3))) -> 1 | E32: Low | F32: =IF(E32="low",1,IF(E32="Moderate",2,IF(E32="NA","NA",3))) -> 1 | G32: Low | H32: =IF(G32="low",1,IF(G32="Moderate",2,IF(G32="NA","NA",3))) -> 1 | I32: Low | J32: =IF(I32="low",1,IF(I32="Moderate",2,IF(I32="NA","NA",3))) -> 1 | K32: Moderate | L32: =IF(K32="low",1,IF(K32="Moderate",2,IF(K32="NA","NA",3))) -> 2 | M32: Low | N32: =IF(M32="low",1,IF(M32="Moderate",2,IF(M32="NA","NA",3))) -> 1 | O32: NA | P32: =IF(O32="low",1,IF(O32="Moderate",2,IF(O32="NA","NA",3))) -> NA | Q32: =IF(ISERROR(AVERAGE(D32,F32,H32,J32,L32,N32,P32)),"NA",AVERAGE(D32,F32,H32,J32,L32,N32,P32)) -> 1.1666667 | R32: =IF(Q32="NA","NA",IF(Q32>2.49,"High",IF(Q32<1.5,"Low","Moderate"))) -> Low | S32: High | T32: =IF(S32="low",1,IF(S32="Moderate",2,IF(S32="NA","NA",3))) -> 3 | U32: High | V32: =IF(U32="low",1,IF(U32="Moderate",2,IF(U32="NA","NA",3))) -> 3 | W32: =IF(ISERROR(AVERAGE(T32,V32)),"NA",AVERAGE(T32,V32)) -> 3 | X32: =IF(W32="NA","NA",IF(W32>2.49,"High",IF(W32<1.5,"Low","Moderate"))) -> High | Y32: Strong | Z32: =IF(Y32="weak",1,IF(Y32="adequate",2,IF(Y32="NA","NA",3))) -> 3 | AA32: Strong | AB32: =IF(AA32="weak",1,IF(AA32="adequate",2,IF(AA32="NA","NA",3))) -> 3 | AC32: Adequate | AD32: =IF(AC32="weak",1,IF(AC32="adequate",2,IF(AC32="NA","NA",3))) -> 2 | AE32: Strong | AF32: =IF(AE32="weak",1,IF(AE32="adequate",2,IF(AE32="NA","NA",3))) -> 3 | AG32: Strong | AH32: =IF(AG32="weak",1,IF(AG32="adequate",2,IF(AG32="NA","NA",3))) -> 3 | AI32: =IF(ISERROR(AVERAGE(Z32,AB32,AD32,AF32,AH32)),"NA",AVERAGE(Z32,AB32,AD32,AF32,AH32)) -> 2.8 | AJ32: =IF(AI32="NA","NA",IF(AI32>2.49,"Strong",IF(AI32<1.5,"Weak","Adequate"))) -> Strong | AK32: =IFERROR(Q32*W32,"NA") -> 3.5 | AL32: =IF(AK32="NA","NA",IF(AK32>5.59,"High",IF(AK32<2.6,"Low","Moderate"))) -> Moderate | AM32: =IFERROR(INDEX(residualrisk,MATCH($AJ32,Controls,0),MATCH($AL32,InherentRisk,0)),"NA") -> Low
A33: Children’s Online Privacy Protection Act (COPPA) | C33: Low | D33: =IF(C33="low",1,IF(C33="Moderate",2,IF(C33="NA","NA",3))) -> 1 | E33: Moderate | F33: =IF(E33="low",1,IF(E33="Moderate",2,IF(E33="NA","NA",3))) -> 2 | G33: Low | H33: =IF(G33="low",1,IF(G33="Moderate",2,IF(G33="NA","NA",3))) -> 1 | I33: Moderate | J33: =IF(I33="low",1,IF(I33="Moderate",2,IF(I33="NA","NA",3))) -> 2 | K33: Moderate | L33: =IF(K33="low",1,IF(K33="Moderate",2,IF(K33="NA","NA",3))) -> 2 | M33: Low | N33: =IF(M33="low",1,IF(M33="Moderate",2,IF(M33="NA","NA",3))) -> 1 | O33: Low | P33: =IF(O33="low",1,IF(O33="Moderate",2,IF(O33="NA","NA",3))) -> 1 | Q33: =IF(ISERROR(AVERAGE(D33,F33,H33,J33,L33,N33,P33)),"NA",AVERAGE(D33,F33,H33,J33,L33,N33,P33)) -> 1.4285714 | R33: =IF(Q33="NA","NA",IF(Q33>2.49,"High",IF(Q33<1.5,"Low","Moderate"))) -> Low | S33: High | T33: =IF(S33="low",1,IF(S33="Moderate",2,IF(S33="NA","NA",3))) -> 3 | U33: High | V33: =IF(U33="low",1,IF(U33="Moderate",2,IF(U33="NA","NA",3))) -> 3 | W33: =IF(ISERROR(AVERAGE(T33,V33)),"NA",AVERAGE(T33,V33)) -> 3 | X33: =IF(W33="NA","NA",IF(W33>2.49,"High",IF(W33<1.5,"Low","Moderate"))) -> High | Y33: Adequate | Z33: =IF(Y33="weak",1,IF(Y33="adequate",2,IF(Y33="NA","NA",3))) -> 2 | AA33: Strong | AB33: =IF(AA33="weak",1,IF(AA33="adequate",2,IF(AA33="NA","NA",3))) -> 3 | AC33: Adequate | AD33: =IF(AC33="weak",1,IF(AC33="adequate",2,IF(AC33="NA","NA",3))) -> 2 | AE33: Adequate | AF33: =IF(AE33="weak",1,IF(AE33="adequate",2,IF(AE33="NA","NA",3))) -> 2 | AG33: Strong | AH33: =IF(AG33="weak",1,IF(AG33="adequate",2,IF(AG33="NA","NA",3))) -> 3 | AI33: =IF(ISERROR(AVERAGE(Z33,AB33,AD33,AF33,AH33)),"NA",AVERAGE(Z33,AB33,AD33,AF33,AH33)) -> 2.4 | AJ33: =IF(AI33="NA","NA",IF(AI33>2.49,"Strong",IF(AI33<1.5,"Weak","Adequate"))) -> Adequate | AK33: =IFERROR(Q33*W33,"NA") -> 4.2857143 | AL33: =IF(AK33="NA","NA",IF(AK33>5.59,"High",IF(AK33<2.6,"Low","Moderate"))) -> Moderate | AM33: =IFERROR(INDEX(residualrisk,MATCH($AJ33,Controls,0),MATCH($AL33,InherentRisk,0)),"NA") -> Moderate
A34: Fair Credit Reporting (FCRA)/ Fair & Accurate Credit Transactions Act (FACTA) | C34: Low | D34: =IF(C34="low",1,IF(C34="Moderate",2,IF(C34="NA","NA",3))) -> 1 | E34: Moderate | F34: =IF(E34="low",1,IF(E34="Moderate",2,IF(E34="NA","NA",3))) -> 2 | G34: Low | H34: =IF(G34="low",1,IF(G34="Moderate",2,IF(G34="NA","NA",3))) -> 1 | I34: Moderate | J34: =IF(I34="low",1,IF(I34="Moderate",2,IF(I34="NA","NA",3))) -> 2 | K34: Moderate | L34: =IF(K34="low",1,IF(K34="Moderate",2,IF(K34="NA","NA",3))) -> 2 | M34: Low | N34: =IF(M34="low",1,IF(M34="Moderate",2,IF(M34="NA","NA",3))) -> 1 | O34: Low | P34: =IF(O34="low",1,IF(O34="Moderate",2,IF(O34="NA","NA",3))) -> 1 | Q34: =IF(ISERROR(AVERAGE(D34,F34,H34,J34,L34,N34,P34)),"NA",AVERAGE(D34,F34,H34,J34,L34,N34,P34)) -> 1.4285714 | R34: =IF(Q34="NA","NA",IF(Q34>2.49,"High",IF(Q34<1.5,"Low","Moderate"))) -> Low | S34: High | T34: =IF(S34="low",1,IF(S34="Moderate",2,IF(S34="NA","NA",3))) -> 3 | U34: High | V34: =IF(U34="low",1,IF(U34="Moderate",2,IF(U34="NA","NA",3))) -> 3 | W34: =IF(ISERROR(AVERAGE(T34,V34)),"NA",AVERAGE(T34,V34)) -> 3 | X34: =IF(W34="NA","NA",IF(W34>2.49,"High",IF(W34<1.5,"Low","Moderate"))) -> High | Y34: Adequate | Z34: =IF(Y34="weak",1,IF(Y34="adequate",2,IF(Y34="NA","NA",3))) -> 2 | AA34: Strong | AB34: =IF(AA34="weak",1,IF(AA34="adequate",2,IF(AA34="NA","NA",3))) -> 3 | AC34: Adequate | AD34: =IF(AC34="weak",1,IF(AC34="adequate",2,IF(AC34="NA","NA",3))) -> 2 | AE34: Adequate | AF34: =IF(AE34="weak",1,IF(AE34="adequate",2,IF(AE34="NA","NA",3))) -> 2 | AG34: Strong | AH34: =IF(AG34="weak",1,IF(AG34="adequate",2,IF(AG34="NA","NA",3))) -> 3 | AI34: =IF(ISERROR(AVERAGE(Z34,AB34,AD34,AF34,AH34)),"NA",AVERAGE(Z34,AB34,AD34,AF34,AH34)) -> 2.4 | AJ34: =IF(AI34="NA","NA",IF(AI34>2.49,"Strong",IF(AI34<1.5,"Weak","Adequate"))) -> Adequate | AK34: =IFERROR(Q34*W34,"NA") -> 4.2857143 | AL34: =IF(AK34="NA","NA",IF(AK34>5.59,"High",IF(AK34<2.6,"Low","Moderate"))) -> Moderate | AM34: =IFERROR(INDEX(residualrisk,MATCH($AJ34,Controls,0),MATCH($AL34,InherentRisk,0)),"NA") -> Moderate
A35: Non-Deposit Investment Products | C35: Low | D35: =IF(C35="low",1,IF(C35="Moderate",2,IF(C35="NA","NA",3))) -> 1 | E35: Low | F35: =IF(E35="low",1,IF(E35="Moderate",2,IF(E35="NA","NA",3))) -> 1 | G35: Low | H35: =IF(G35="low",1,IF(G35="Moderate",2,IF(G35="NA","NA",3))) -> 1 | I35: Low | J35: =IF(I35="low",1,IF(I35="Moderate",2,IF(I35="NA","NA",3))) -> 1 | K35: Moderate | L35: =IF(K35="low",1,IF(K35="Moderate",2,IF(K35="NA","NA",3))) -> 2 | M35: Low | N35: =IF(M35="low",1,IF(M35="Moderate",2,IF(M35="NA","NA",3))) -> 1 | O35: Low | P35: =IF(O35="low",1,IF(O35="Moderate",2,IF(O35="NA","NA",3))) -> 1 | Q35: =IF(ISERROR(AVERAGE(D35,F35,H35,J35,L35,N35,P35)),"NA",AVERAGE(D35,F35,H35,J35,L35,N35,P35)) -> 1.1428571 | R35: =IF(Q35="NA","NA",IF(Q35>2.49,"High",IF(Q35<1.5,"Low","Moderate"))) -> Low | S35: High | T35: =IF(S35="low",1,IF(S35="Moderate",2,IF(S35="NA","NA",3))) -> 3 | U35: High | V35: =IF(U35="low",1,IF(U35="Moderate",2,IF(U35="NA","NA",3))) -> 3 | W35: =IF(ISERROR(AVERAGE(T35,V35)),"NA",AVERAGE(T35,V35)) -> 3 | X35: =IF(W35="NA","NA",IF(W35>2.49,"High",IF(W35<1.5,"Low","Moderate"))) -> High | Y35: Adequate | Z35: =IF(Y35="weak",1,IF(Y35="adequate",2,IF(Y35="NA","NA",3))) -> 2 | AA35: Strong | AB35: =IF(AA35="weak",1,IF(AA35="adequate",2,IF(AA35="NA","NA",3))) -> 3 | AC35: Adequate | AD35: =IF(AC35="weak",1,IF(AC35="adequate",2,IF(AC35="NA","NA",3))) -> 2 | AE35: Adequate | AF35: =IF(AE35="weak",1,IF(AE35="adequate",2,IF(AE35="NA","NA",3))) -> 2 | AG35: Strong | AH35: =IF(AG35="weak",1,IF(AG35="adequate",2,IF(AG35="NA","NA",3))) -> 3 | AI35: =IF(ISERROR(AVERAGE(Z35,AB35,AD35,AF35,AH35)),"NA",AVERAGE(Z35,AB35,AD35,AF35,AH35)) -> 2.4 | AJ35: =IF(AI35="NA","NA",IF(AI35>2.49,"Strong",IF(AI35<1.5,"Weak","Adequate"))) -> Adequate | AK35: =IFERROR(Q35*W35,"NA") -> 3.4285714 | AL35: =IF(AK35="NA","NA",IF(AK35>5.59,"High",IF(AK35<2.6,"Low","Moderate"))) -> Moderate | AM35: =IFERROR(INDEX(residualrisk,MATCH($AJ35,Controls,0),MATCH($AL35,InherentRisk,0)),"NA") -> Moderate
A36: Reg P - Gramm-Leach-Bliley Act (GLBA) | C36: Low | D36: =IF(C36="low",1,IF(C36="Moderate",2,IF(C36="NA","NA",3))) -> 1 | E36: Low | F36: =IF(E36="low",1,IF(E36="Moderate",2,IF(E36="NA","NA",3))) -> 1 | G36: Low | H36: =IF(G36="low",1,IF(G36="Moderate",2,IF(G36="NA","NA",3))) -> 1 | I36: Low | J36: =IF(I36="low",1,IF(I36="Moderate",2,IF(I36="NA","NA",3))) -> 1 | K36: Moderate | L36: =IF(K36="low",1,IF(K36="Moderate",2,IF(K36="NA","NA",3))) -> 2 | M36: Low | N36: =IF(M36="low",1,IF(M36="Moderate",2,IF(M36="NA","NA",3))) -> 1 | O36: Low | P36: =IF(O36="low",1,IF(O36="Moderate",2,IF(O36="NA","NA",3))) -> 1 | Q36: =IF(ISERROR(AVERAGE(D36,F36,H36,J36,L36,N36,P36)),"NA",AVERAGE(D36,F36,H36,J36,L36,N36,P36)) -> 1.1428571 | R36: =IF(Q36="NA","NA",IF(Q36>2.49,"High",IF(Q36<1.5,"Low","Moderate"))) -> Low | S36: Moderate | T36: =IF(S36="low",1,IF(S36="Moderate",2,IF(S36="NA","NA",3))) -> 2 | U36: High | V36: =IF(U36="low",1,IF(U36="Moderate",2,IF(U36="NA","NA",3))) -> 3 | W36: =IF(ISERROR(AVERAGE(T36,V36)),"NA",AVERAGE(T36,V36)) -> 2.5 | X36: =IF(W36="NA","NA",IF(W36>2.49,"High",IF(W36<1.5,"Low","Moderate"))) -> High | Y36: Weak | Z36: =IF(Y36="weak",1,IF(Y36="adequate",2,IF(Y36="NA","NA",3))) -> 1 | AA36: Strong | AB36: =IF(AA36="weak",1,IF(AA36="adequate",2,IF(AA36="NA","NA",3))) -> 3 | AC36: Adequate | AD36: =IF(AC36="weak",1,IF(AC36="adequate",2,IF(AC36="NA","NA",3))) -> 2 | AE36: Strong | AF36: =IF(AE36="weak",1,IF(AE36="adequate",2,IF(AE36="NA","NA",3))) -> 3 | AG36: Adequate | AH36: =IF(AG36="weak",1,IF(AG36="adequate",2,IF(AG36="NA","NA",3))) -> 2 | AI36: =IF(ISERROR(AVERAGE(Z36,AB36,AD36,AF36,AH36)),"NA",AVERAGE(Z36,AB36,AD36,AF36,AH36)) -> 2.2 | AJ36: =IF(AI36="NA","NA",IF(AI36>2.49,"Strong",IF(AI36<1.5,"Weak","Adequate"))) -> Adequate | AK36: =IFERROR(Q36*W36,"NA") -> 2.8571429 | AL36: =IF(AK36="NA","NA",IF(AK36>5.59,"High",IF(AK36<2.6,"Low","Moderate"))) -> Moderate | AM36: =IFERROR(INDEX(residualrisk,MATCH($AJ36,Controls,0),MATCH($AL36,InherentRisk,0)),"NA") -> Moderate
A37: Garnishment of Federal Benefits - Right to Financial Privacy Act (RFPA) | C37: Low | D37: =IF(C37="low",1,IF(C37="Moderate",2,IF(C37="NA","NA",3))) -> 1 | E37: Low | F37: =IF(E37="low",1,IF(E37="Moderate",2,IF(E37="NA","NA",3))) -> 1 | G37: Low | H37: =IF(G37="low",1,IF(G37="Moderate",2,IF(G37="NA","NA",3))) -> 1 | I37: Low | J37: =IF(I37="low",1,IF(I37="Moderate",2,IF(I37="NA","NA",3))) -> 1 | K37: Moderate | L37: =IF(K37="low",1,IF(K37="Moderate",2,IF(K37="NA","NA",3))) -> 2 | M37: Low | N37: =IF(M37="low",1,IF(M37="Moderate",2,IF(M37="NA","NA",3))) -> 1 | O37: Low | P37: =IF(O37="low",1,IF(O37="Moderate",2,IF(O37="NA","NA",3))) -> 1 | Q37: =IF(ISERROR(AVERAGE(D37,F37,H37,J37,L37,N37,P37)),"NA",AVERAGE(D37,F37,H37,J37,L37,N37,P37)) -> 1.1428571 | R37: =IF(Q37="NA","NA",IF(Q37>2.49,"High",IF(Q37<1.5,"Low","Moderate"))) -> Low | S37: Moderate | T37: =IF(S37="low",1,IF(S37="Moderate",2,IF(S37="NA","NA",3))) -> 2 | U37: High | V37: =IF(U37="low",1,IF(U37="Moderate",2,IF(U37="NA","NA",3))) -> 3 | W37: =IF(ISERROR(AVERAGE(T37,V37)),"NA",AVERAGE(T37,V37)) -> 2.5 | X37: =IF(W37="NA","NA",IF(W37>2.49,"High",IF(W37<1.5,"Low","Moderate"))) -> High | Y37: Weak | Z37: =IF(Y37="weak",1,IF(Y37="adequate",2,IF(Y37="NA","NA",3))) -> 1 | AA37: Strong | AB37: =IF(AA37="weak",1,IF(AA37="adequate",2,IF(AA37="NA","NA",3))) -> 3 | AC37: Adequate | AD37: =IF(AC37="weak",1,IF(AC37="adequate",2,IF(AC37="NA","NA",3))) -> 2 | AE37: Adequate | AF37: =IF(AE37="weak",1,IF(AE37="adequate",2,IF(AE37="NA","NA",3))) -> 2 | AG37: Adequate | AH37: =IF(AG37="weak",1,IF(AG37="adequate",2,IF(AG37="NA","NA",3))) -> 2 | AI37: =IF(ISERROR(AVERAGE(Z37,AB37,AD37,AF37,AH37)),"NA",AVERAGE(Z37,AB37,AD37,AF37,AH37)) -> 2 | AJ37: =IF(AI37="NA","NA",IF(AI37>2.49,"Strong",IF(AI37<1.5,"Weak","Adequate"))) -> Adequate | AK37: =IFERROR(Q37*W37,"NA") -> 2.8571429 | AL37: =IF(AK37="NA","NA",IF(AK37>5.59,"High",IF(AK37<2.6,"Low","Moderate"))) -> Moderate | AM37: =IFERROR(INDEX(residualrisk,MATCH($AJ37,Controls,0),MATCH($AL37,InherentRisk,0)),"NA") -> Moderate
... A39: Third Party Risk - Use of Third Parties | C39: Low | D39: =IF(C39="low",1,IF(C39="Moderate",2,IF(C39="NA","NA",3))) -> 1 | E39: Low | F39: =IF(E39="low",1,IF(E39="Moderate",2,IF(E39="NA","NA",3))) -> 1 | G39: Low | H39: =IF(G39="low",1,IF(G39="Moderate",2,IF(G39="NA","NA",3))) -> 1 | I39: Moderate | J39: =IF(I39="low",1,IF(I39="Moderate",2,IF(I39="NA","NA",3))) -> 2 | K39: Moderate | L39: =IF(K39="low",1,IF(K39="Moderate",2,IF(K39="NA","NA",3))) -> 2 | M39: Low | N39: =IF(M39="low",1,IF(M39="Moderate",2,IF(M39="NA","NA",3))) -> 1 | O39: Low | P39: =IF(O39="low",1,IF(O39="Moderate",2,IF(O39="NA","NA",3))) -> 1 | Q39: =IF(ISERROR(AVERAGE(D39,F39,H39,J39,L39,N39,P39)),"NA",AVERAGE(D39,F39,H39,J39,L39,N39,P39)) -> 1.2857143 | R39: =IF(Q39="NA","NA",IF(Q39>2.49,"High",IF(Q39<1.5,"Low","Moderate"))) -> Low | S39: High | T39: =IF(S39="low",1,IF(S39="Moderate",2,IF(S39="NA","NA",3))) -> 3 | U39: High | V39: =IF(U39="low",1,IF(U39="Moderate",2,IF(U39="NA","NA",3))) -> 3 | W39: =IF(ISERROR(AVERAGE(T39,V39)),"NA",AVERAGE(T39,V39)) -> 3 | X39: =IF(W39="NA","NA",IF(W39>2.49,"High",IF(W39<1.5,"Low","Moderate"))) -> High | Y39: Weak | Z39: =IF(Y39="weak",1,IF(Y39="adequate",2,IF(Y39="NA","NA",3))) -> 1 | AA39: Strong | AB39: =IF(AA39="weak",1,IF(AA39="adequate",2,IF(AA39="NA","NA",3))) -> 3 | AC39: Adequate | AD39: =IF(AC39="weak",1,IF(AC39="adequate",2,IF(AC39="NA","NA",3))) -> 2 | AE39: Adequate | AF39: =IF(AE39="weak",1,IF(AE39="adequate",2,IF(AE39="NA","NA",3))) -> 2 | AG39: Adequate | AH39: =IF(AG39="weak",1,IF(AG39="adequate",2,IF(AG39="NA","NA",3))) -> 2 | AI39: =IF(ISERROR(AVERAGE(Z39,AB39,AD39,AF39,AH39)),"NA",AVERAGE(Z39,AB39,AD39,AF39,AH39)) -> 2 | AJ39: =IF(AI39="NA","NA",IF(AI39>2.49,"Strong",IF(AI39<1.5,"Weak","Adequate"))) -> Adequate | AK39: =IFERROR(Q39*W39,"NA") -> 3.8571429 | AL39: =IF(AK39="NA","NA",IF(AK39>5.59,"High",IF(AK39<2.6,"Low","Moderate"))) -> Moderate | AM39: =IFERROR(INDEX(residualrisk,MATCH($AJ39,Controls,0),MATCH($AL39,InherentRisk,0)),"NA") -> Moderate
A40: Other Compliance Overall Risk | Q40: {=AVERAGE(IF(ISNUMBER(Q41:Q42),Q41:Q42))} -> 1.2857143 | R40: =IF(Q40>2.49,"High",IF(Q40<1.5,"Low","Moderate")) -> Low | W40: {=AVERAGE(IF(ISNUMBER(W41:W42),W41:W42))} -> 3 | X40: =IF(W40>2.49,"High",IF(W40<1.5,"Low","Moderate")) -> High | AI40: {=AVERAGE(IF(ISNUMBER(AI41:AI42),AI41:AI42))} -> 2.2 | AJ40: =IF(AI40>2.49,"Strong",IF(AI40<1.5,"Weak","Adequate")) -> Adequate | AK40: =AVERAGE(AK41:AK42) -> 3.8571429 | AL40: =IF(AK40>5.59,"High",IF(AK40<2.6,"Low","Moderate")) -> Moderate | AM40: =INDEX(residualrisk,MATCH($AJ40,Controls,0),MATCH($AL40,InherentRisk,0)) -> Moderate
A41: Unfair, Deceptive, or Abusive Acts or Practices (UDAAP) | C41: Low | D41: =IF(C41="low",1,IF(C41="Moderate",2,IF(C41="NA","NA",3))) -> 1 | E41: Low | F41: =IF(E41="low",1,IF(E41="Moderate",2,IF(E41="NA","NA",3))) -> 1 | G41: Low | H41: =IF(G41="low",1,IF(G41="Moderate",2,IF(G41="NA","NA",3))) -> 1 | I41: Moderate | J41: =IF(I41="low",1,IF(I41="Moderate",2,IF(I41="NA","NA",3))) -> 2 | K41: Moderate | L41: =IF(K41="low",1,IF(K41="Moderate",2,IF(K41="NA","NA",3))) -> 2 | M41: Low | N41: =IF(M41="low",1,IF(M41="Moderate",2,IF(M41="NA","NA",3))) -> 1 | O41: Low | P41: =IF(O41="low",1,IF(O41="Moderate",2,IF(O41="NA","NA",3))) -> 1 | Q41: =IF(ISERROR(AVERAGE(D41,F41,H41,J41,L41,N41,P41)),"NA",AVERAGE(D41,F41,H41,J41,L41,N41,P41)) -> 1.2857143 | R41: =IF(Q41="NA","NA",IF(Q41>2.49,"High",IF(Q41<1.5,"Low","Moderate"))) -> Low | S41: High | T41: =IF(S41="low",1,IF(S41="Moderate",2,IF(S41="NA","NA",3))) -> 3 | U41: High | V41: =IF(U41="low",1,IF(U41="Moderate",2,IF(U41="NA","NA",3))) -> 3 | W41: =IF(ISERROR(AVERAGE(T41,V41)),"NA",AVERAGE(T41,V41)) -> 3 | X41: =IF(W41="NA","NA",IF(W41>2.49,"High",IF(W41<1.5,"Low","Moderate"))) -> High | Y41: Weak | Z41: =IF(Y41="weak",1,IF(Y41="adequate",2,IF(Y41="NA","NA",3))) -> 1 | AA41: Strong | AB41: =IF(AA41="weak",1,IF(AA41="adequate",2,IF(AA41="NA","NA",3))) -> 3 | AC41: Adequate | AD41: =IF(AC41="weak",1,IF(AC41="adequate",2,IF(AC41="NA","NA",3))) -> 2 | AE41: Adequate | AF41: =IF(AE41="weak",1,IF(AE41="adequate",2,IF(AE41="NA","NA",3))) -> 2 | AG41: Adequate | AH41: =IF(AG41="weak",1,IF(AG41="adequate",2,IF(AG41="NA","NA",3))) -> 2 | AI41: =IF(ISERROR(AVERAGE(Z41,AB41,AD41,AF41,AH41)),"NA",AVERAGE(Z41,AB41,AD41,AF41,AH41)) -> 2 | AJ41: =IF(AI41="NA","NA",IF(AI41>2.49,"Strong",IF(AI41<1.5,"Weak","Adequate"))) -> Adequate | AK41: =IFERROR(Q41*W41,"NA") -> 3.8571429 | AL41: =IF(AK41="NA","NA",IF(AK41>5.59,"High",IF(AK41<2.6,"Low","Moderate"))) -> Moderate | AM41: =IFERROR(INDEX(residualrisk,MATCH($AJ41,Controls,0),MATCH($AL41,InherentRisk,0)),"NA") -> Moderate
A42: Electronic Signatures in Global and National Commerce (E-SIGN Act) | C42: Low | D42: =IF(C42="low",1,IF(C42="Moderate",2,IF(C42="NA","NA",3))) -> 1 | E42: Moderate | F42: =IF(E42="low",1,IF(E42="Moderate",2,IF(E42="NA","NA",3))) -> 2 | G42: Low | H42: =IF(G42="low",1,IF(G42="Moderate",2,IF(G42="NA","NA",3))) -> 1 | I42: Low | J42: =IF(I42="low",1,IF(I42="Moderate",2,IF(I42="NA","NA",3))) -> 1 | K42: Moderate | L42: =IF(K42="low",1,IF(K42="Moderate",2,IF(K42="NA","NA",3))) -> 2 | M42: Low | N42: =IF(M42="low",1,IF(M42="Moderate",2,IF(M42="NA","NA",3))) -> 1 | O42: Low | P42: =IF(O42="low",1,IF(O42="Moderate",2,IF(O42="NA","NA",3))) -> 1 | Q42: =IF(ISERROR(AVERAGE(D42,F42,H42,J42,L42,N42,P42)),"NA",AVERAGE(D42,F42,H42,J42,L42,N42,P42)) -> 1.2857143 | R42: =IF(Q42="NA","NA",IF(Q42>2.49,"High",IF(Q42<1.5,"Low","Moderate"))) -> Low | S42: High | T42: =IF(S42="low",1,IF(S42="Moderate",2,IF(S42="NA","NA",3))) -> 3 | U42: High | V42: =IF(U42="low",1,IF(U42="Moderate",2,IF(U42="NA","NA",3))) -> 3 | W42: =IF(ISERROR(AVERAGE(T42,V42)),"NA",AVERAGE(T42,V42)) -> 3 | X42: =IF(W42="NA","NA",IF(W42>2.49,"High",IF(W42<1.5,"Low","Moderate"))) -> High | Y42: Adequate | Z42: =IF(Y42="weak",1,IF(Y42="adequate",2,IF(Y42="NA","NA",3))) -> 2 | AA42: Strong | AB42: =IF(AA42="weak",1,IF(AA42="adequate",2,IF(AA42="NA","NA",3))) -> 3 | AC42: Adequate | AD42: =IF(AC42="weak",1,IF(AC42="adequate",2,IF(AC42="NA","NA",3))) -> 2 | AE42: Adequate | AF42: =IF(AE42="weak",1,IF(AE42="adequate",2,IF(AE42="NA","NA",3))) -> 2 | AG42: Strong | AH42: =IF(AG42="weak",1,IF(AG42="adequate",2,IF(AG42="NA","NA",3))) -> 3 | AI42: =IF(ISERROR(AVERAGE(Z42,AB42,AD42,AF42,AH42)),"NA",AVERAGE(Z42,AB42,AD42,AF42,AH42)) -> 2.4 | AJ42: =IF(AI42="NA","NA",IF(AI42>2.49,"Strong",IF(AI42<1.5,"Weak","Adequate"))) -> Adequate | AK42: =IFERROR(Q42*W42,"NA") -> 3.8571429 | AL42: =IF(AK42="NA","NA",IF(AK42>5.59,"High",IF(AK42<2.6,"Low","Moderate"))) -> Moderate | AM42: =IFERROR(INDEX(residualrisk,MATCH($AJ42,Controls,0),MATCH($AL42,InherentRisk,0)),"NA") -> Moderate | AN42: 1

Sheet Summary of Regulations
A1: REGULATION | B1: SUMMARY OF REQUIREMENTS
A2: Reg B - Equal Credit Opportunity (ECOA) (Technical Compliance) | B2: Includes: - Requiring creditors take action within thirty days of receipt of a complete application and provide denied applicants with a written notice of their rights and reasons for decision. - A creditor may not require the signature of an applicant's or guarantor’s spouse, or any other person (other than a joint applicant, whose intent is clearly documented) on a credit instrument if the applicant qualifies for the credit requested. - The ECOA requires creditors to collect race, sex, marital status, and age data on all applications for home purchase and refinance loans and provide a related disclosure. Updated 2026: Furthermore, the ECOA requires covered financial institutions to collect and report certain data points on applications for credit for small businesses as outlined in Subpart B sections 1002.101-1002.114.
A3: Reg B - Equal Credit Opportunity (ECOA) (Discrimination - if a separate fair lending risk assessment is not completed) | B3: The ECOA prohibits discrimination on a prohibited basis in any aspect of a credit transaction. Scope: Covers both consumer and non-consumer (business purpose)
A4: Fair Housing (FHA) (If a separate fair lending risk assessment is not completed) | B4: The FHA also prohibits discrimination on a prohibited basis in all aspects of a residential real-estate transaction. The term residential real estate-related transactions means: (a) The making or purchasing of loans or providing other financial assistance— (1) For purchasing, constructing, improving, repairing or maintaining a dwelling; or (2) Secured by residential real estate; or (b) The selling, brokering or appraising of residential real property. Dwelling means any building, structure or portion thereof which is occupied as, or designed or intended for occupancy as, a residence by one or more families, and any vacant land which is offered for sale or lease for the construction or location thereon of any such building, structure or portion thereof.
A5: Reg BB - Community Reinvestment Act (CRA) | B5: Requires federal institution agencies to encourage depository financial institutions to meet the credit needs of their assessment areas, including low- and-moderate income neighborhoods. Each agency assesses the institution’s record of meeting those needs and prepares a written evaluation and with an assigned rating. The CRA also requires the agencies to consider an institution’s record of helping to meet community credit needs when evaluating certain corporate applications, such as permission to establish or relocate a branch or home office, or to merge. Each covered institution must maintain public files with certain mandated contents. Large institutions must report data on small business and small farm loans on a CRA data register.
A6: Reg C - Home Mortgage Disclosure Act (HMDA) | B6: Requires creditors to maintain a loan application register (LAR) to document information about applications received for home purchase, home improvement, home refinancing and other purpose loans. Institutions must provide the LAR to the CFPB annually (before March 1), and it is subsequently made available to the public. Beginning in 2020, a covered institution that reported a combined total of at least 60,000 applications and covered loans in the preceding calendar year must submit quarterly HMDA reports. The accuracy of the LAR is considered critical because its information is used by the regulatory agencies and other third parties in evaluating an institution's performance with respect to Fair Lending and the Community Reinvestment Act.
A7: Reg F - Fair Debt Collection Practices Act | B7: Under the FDCPA a “debt collector” is any person who regularly participates in the collection of consumer debts for another person or uses a name other than its own when collecting its own consumer debts. The FDCPA and Regulation F, among other things set limitations for debt collectors’ acquisition of location information and communications in connection with debt collection; prohibit harassment or abuse, false or misleading representations, and unfair practices; create a procedure for the validation of debts and a model form to notify a consumer of a debt; set requirements for the sending of required disclosures, including disclosures sent electronically; and require record retention.
A8: Reg O - Credit to Insiders | B8: Provides substantive limits and restrictions on extensions of credit to an institution’s insiders and their “related interests.” The Regulation also requires certain recordkeeping and reporting.
A9: Fair Credit Reporting (FCRA)/ Fair & Accurate Credit Transactions Act (FACTA) | B9: Requires users of consumer credit reports to notify consumer applicants whenever information contained in a credit report (or provided by any third-party) was a basis for a denial decision and whether a “credit score” was used in making the decision. Users must also respond appropriately to allegations of, or Red Flags that could indicate, Identity Theft. Institutions that furnish information to consumer reporting agencies (i.e., Equifax, ChexSystems) must ensure the accuracy of the data being furnished. Furthermore, the FCRA requires furnishers of information to address allegations of reporting errors in a timely and appropriate fashion, and to notify borrowers before or within 30 days of reporting negative credit information to a consumer reporting agency. The FCRA also limits certain information sharing between company affiliates.
A10: Reg X - Real Estate Settlement Procedures (RESPA) | B10: Consumer purpose loans that are secured by one-to-four family residential real property are generally subject to RESPA. It requires that creditors provide combined disclosures (TILA/RESPA Integrated Disclosures, or TRID) pertaining to covered closed-end mortgage loans. Reverse mortgages are subject to different disclosures (GFEs/HUD-1s). RESPA imposes requirements on small and large mortgage servicers, such as servicing transfers, information requests, resolution of errors, force-placed hazard insurance, early intervention, continuity of contact for delinquent borrowers, loss mitigation procedures, general servicing policies and procedures, and escrow account maintenance. RESPA also prohibits fee splitting, kickbacks, and other abusive practices, and requires a creditor to provide a list of homeownership counseling organizations to applicants that is current within the past thirty days. RESPA also requires disclosure of Affiliated Business Arrangements when referring consumers for settlement services.
A11: Reg Z - Truth in Lending (TIL) | B11: TILA necessitates uniform and timely disclosures about the cost of consumer purpose loans, lines of credit, and credit cards. TILA provides certain rescission rights and requires certain disclosures in lending related advertisements. It protects consumers against inaccurate and unfair credit billing and credit card practices. The Dodd Frank Act (DFA) amended TILA to require that a creditor consider a mortgage borrower’s Ability to Repay (ATR) a loan, or to otherwise generate a Qualified Mortgage (QM). TILA prohibits mortgage loan originator (MLO) compensation based on a loan’s term or mortgage related profits and requires minimum qualifications and training for MLOs. TILA defines creditor responsibilities pertaining to high cost mortgages, adjustable rate mortgage (ARM) loan application disclosures and change notices, and mortgage loan servicing including billing statements, crediting of payments, late fees, and payoff statements. TILA imposes additional requirements on mortgage loan acquirers, credit card issuers and creditors for private education loans.
A12: Electronic Signatures in Global and National Commerce (E-SIGN Act) | B12: The E-SIGN Act provides a general rule of validity for electronic records and signatures for transactions. It allows electronic records to satisfy the requirement for a writing by statute or rule, so long as the consumer has been provided with a clear and conspicuous notice (such as, of the right to have the record available in paper form) and has affirmatively consented to the use. The consent itself must be electronic and in a manner that reasonably demonstrates that the consumer can obtain and read the disclosures and has not withdrawn the consent at the time of the disclosure.
... A33: Unfair, Deceptive, or Abusive Acts or Practices (UDAAP) | B33: The Dodd-Frank Act amended the Federal Trade Commission’s “Unfair or Deceptive Acts and Practices” rule to encompass “Unfair, Deceptive, or Abusive Acts or Practices.” An unfair act or practice is one that: (1) causes or is likely to cause substantial injury to consumers which is not reasonably avoidable by consumers, and (2) such substantial injury is not outweighed by countervailing benefits to consumers or to competition. An abusive act or practice is one that: (1) materially interferes with the ability of a consumer to understand a term or condition of a consumer financial product or service; or (2) takes unreasonable advantage of (a) a lack of understanding on the part of the consumer of the material risks, costs, or conditions of the product or service; (b) the inability of the consumer to protect the interests of the consumer in selecting or using a consumer financial product or service; or (c) the reasonable reliance by the consumer on a covered person to act in the interests of the consumer. A deceptive act or practice is one that (1) misleads or is likely to mislead the consumer; where (2) the consumer’s interpretation is reasonable under the circumstances; and (3) the misleading act or practice is material.

Sheet Sheet1
A1: Risk Trend:
A2: Increasing
A3: Stable
A4: Decreasing
